 Dungeon Crawl Stone Soup version 0.30.2 (webtiles) character file.

Game seed: 3208999212091429152

11331758 ChickenMitten the Archmage (level 27, 218/218 HPs)
             Began as a Gargoyle Summoner on Dec 23, 2023.
             Was the Champion of Jiyva.
             Escaped with the Orb
             ... and 15 runes on Feb 4, 2024!
             The game lasted 20:58:55 (145963 turns).

ChickenMitten the Archmage (Gargoyle Summoner)    Turns: 145963, Time: 20:58:56

Health: 218/218    AC: 48    Str: 14    XL:     27
Magic:  48/54      EV: 32    Int: 25    God:    Jiyva [******]
Gold:   7825       SH: 30    Dex: 31    Spells: 11/80 levels left

rFire   + + +        Q - +6 demon trident (elec)
rCold   + + +        O - +5 kite shield {reflect}
rNeg    + + .        w - +9 ice dragon scales "Laqel" {rPois rF- rC++ Int+2 SInv}
rPois   ∞            X - +3 crown of Dyrovepreva {rElec Int+2 SInv}
rElec   +            r - +3 cloak of the Catamount {+Blink Str+3 Dex+7}
rCorr   +            L - +2 pair of gloves {hurl}
SInv    +            W - +2 pair of boots
Will    ++++.        m - amulet of Cowardice {RegenMP Will+ rCorr Dex+2}
Stlth   +            j - ring "Zuyp" {Drain rPois rF+++ rN+ Dex+6}
HPRegen 3.76/turn    s - ring of willpower
MPRegen 1.24/turn

%: reflection
@: calling dragons, flying
A: sickness immunity, AC +20, big wings, negative energy resistance 1,
electricity resistance, torment resistance 1, petrification resistance, fangs 3,
horns 1, large bone plates 1, cold resistance 2, deterioration 1, dopey 1, fire
resistance 3, regeneration 2, robust 1, screaming 1, weak 1, pseudopods 2,
MP-powered wands
0: Orb of Zot
}: 15/15 runes: decaying, serpentine, slimy, silver, golden, iron, obsidian,
icy, bone, abyssal, demonic, glowing, magical, fiery, dark
a: Renounce Religion, Evoke Blink, Oozemancy, Slimify


You escaped.
You worshipped Jiyva.
Jiyva was exalted by your worship.
You visited 18 branches of the dungeon, and saw 87 of its levels.
You visited Pandemonium 7 times, and saw 30 of its levels.
You visited the Abyss 10 times.
You also visited: Gauntlet, Ice Cave and Wizlab.

You collected 37559 gold pieces.
You spent 13554 gold pieces at shops.
You paid 16180 gold pieces to Gozag.

Inventory:

Hand Weapons
 h - a +2 antimagic demon trident
 k - the +8 trident of Cyshuerph {flame, rF+++ rN++ Int-4}
   (You found it on level 7 of the Iron City of Dis)

   Int:       It affects your intelligence (-4).
   rF:        It renders you almost immune to fire.
   rN:        It greatly protects you from negative energy.
 A - the +13 sceptre of Asmodeus
   (You took it off Asmodeus on level 7 of Gehenna)

   Fire Summon: It may summon demons of flame and damnation when striking foes.
 Q - a +6 demon trident of electrocution (weapon)
 R - a +9 demon trident of draining
Armour
 d - the +5 faerie dragon scales {rCorr Str+2 Stlth+}
   (You took it off the Enchantress on level 4 of the Depths)

   Str:       It affects your strength (+2).
   rCorr:     It protects you from acid and corrosion.
   Stlth:     It makes you more stealthy.
 r - the +3 cloak of the Catamount (worn) {+Blink Str+3 Dex+7}
   (You found it in Pandemonium)

   Str:       It affects your strength (+3).
   Dex:       It affects your dexterity (+7).
   +Blink:    It lets you blink.
 t - the +9 scales of the Dragon King {rPois rF+ rC+ Will+}
   (You took it off Parghit on level 4 of the Depths)

   rF:        It protects you from fire.
   rC:        It protects you from cold.
   rPois:     It protects you from poison.
   Will:      It increases your willpower.
 w - the +9 ice dragon scales "Laqel" (worn) {rPois rF- rC++ Int+2 SInv}
   (You found it on level 7 of Tartarus)

   Int:       It affects your intelligence (+2).
   rF:        It makes you vulnerable to fire.
   rC:        It greatly protects you from cold.
   rPois:     It protects you from poison.
   SInv:      It lets you see invisible.
 x - +6 fire dragon scales
 L - a +2 pair of gloves of hurling (worn)
 O - a +5 kite shield of reflection (worn)
 P - a scarf of invisibility
 W - a +2 pair of boots (worn)
 X - the +3 crown of Dyrovepreva (worn) {rElec Int+2 SInv}
   (You bought it in a shop on level 1 of the Vaults)

   Int:       It affects your intelligence (+2).
   rElec:     It insulates you from electricity.
   SInv:      It lets you see invisible.
Jewellery
 j - the ring "Zuyp" (left hand) {Drain rPois rF+++ rN+ Dex+6}
   (You took it off a balrug on level 7 of Gehenna)

   [ring of dexterity]

   Dex:       It affects your dexterity (+6).
   rF:        It renders you almost immune to fire.
   rPois:     It protects you from poison.
   rN:        It protects you from negative energy.
   Drain:     It drains your maximum health when unequipped.
 l - a ring of the Octopus King {rC+ HP+2 AC+2 EV+2 SH+2}
   (You bought it in a shop on level 2 of the Elven Halls)

   [ring of protection from cold]

   AC:        It affects your AC (+2).
   EV:        It affects your evasion (+2).
   rC:        It protects you from cold.
   HP:        It affects your health (+2).
   SH:        It affects your SH (+2).
 m - the amulet of Cowardice (around neck) {RegenMP Will+ rCorr Dex+2}
   (You bought it in a shop on level 10 of the Dungeon)

   [amulet of magic regeneration]

   It increases your rate of magic regeneration.
   Dex:       It affects your dexterity (+2).
   rCorr:     It protects you from acid and corrosion.
   Will:      It increases your willpower.
 p - the ring "Coiplan" {Fly rN+++ Str-3 Int+4 SInv}
   (You found it on level 5 of the Pits of Slime)

   [ring of flight]

   Str:       It affects your strength (-3).
   Int:       It affects your intelligence (+4).
   rN:        It renders you almost immune to negative energy.
   SInv:      It lets you see invisible.
   Fly:       It grants you flight.
 s - a ring of willpower (right hand)
 u - a ring of wizardry
 v - the ring "Validyu" {rF+++ rCorr Int-2 Dex+6 SInv}
   (You found it in Pandemonium)

   [ring of dexterity]

   Int:       It affects your intelligence (-2).
   Dex:       It affects your dexterity (+6).
   rF:        It renders you almost immune to fire.
   SInv:      It lets you see invisible.
   rCorr:     It protects you from acid and corrosion.
 E - a ring of wizardry
 I - the amulet "Pacusuros" {Acrobat MP+9}
   (You found it on level 5 of the Vaults)

   [amulet of the acrobat]

   It increases your evasion while moving and waiting.
   MP:        It affects your magic capacity (+9).
 K - the ring of the Moon {rC+ rN+ Slay+3}
   (You found it on level 3 of the Crypt)

   [ring of positive energy]

   Slay:      It affects your accuracy & damage with ranged weapons and melee
   (+3).
   rC:        It protects you from cold.
   rN:        It protects you from negative energy.
 N - the ring of Yruugyta {*Slow rN+ Slay+2 Stlth+}
   (You found it on level 3 of the Crypt)

   [ring of positive energy]

   Slay:      It affects your accuracy & damage with ranged weapons and melee
   (+2).
   rN:        It protects you from negative energy.
   *Slow:     It may slow you when you take damage.
   Stlth:     It makes you more stealthy.
Wands
 o - a wand of polymorph (52)
 B - a wand of digging (23)
 G - a wand of mindburst (28)
Scrolls
 f - a scroll of poison
 q - 15 scrolls of amnesia
 C - 2 scrolls of magic mapping
 D - 14 scrolls of teleportation
 F - a scroll of silence
 J - 9 scrolls of fear
 M - 3 scrolls of enchant weapon
Potions
 b - 6 potions of magic
 c - 5 potions of berserk rage
 e - 9 potions of might
 g - 2 potions of resistance
 i - 18 potions of curing (quivered)
 z - a potion of heal wounds
 H - 4 potions of cancellation
 S - 7 potions of lignification
 T - 8 potions of ambrosia
 V - 8 potions of haste
 Y - 10 potions of brilliance
 Z - 2 potions of invisibility
Miscellaneous
 a - a phantom mirror
 n - a figurine of a ziggurat
 U - the horn of Geryon


   Skills:
 O Level 27 Fighting
 * Level 24.3 Polearms
 - Level 2.0 Armour
 O Level 27 Dodging
 - Level 2.1 Stealth
 O Level 27 Shields
 O Level 27 Spellcasting
 O Level 27 Summonings
 - Level 2.4 Translocations
 O Level 27 Fire Magic
 - Level 1.0 Ice Magic
 - Level 19.4 Evocations


You had 11 spell levels left.
You knew the following spells:

 Your Spells              Type           Power      Damage    Failure   Level
a - Summon Small Mammal   Summ           100%       N/A       0%          1
b - Call Imp              Summ           100%       N/A       0%          2
c - Call Canine Familiar  Summ           100%       N/A       0%          3
d - Dragon's Call         Summ           53%        N/A       8%          9
e - Ignition              Fire           53%        3d15      1%          8
f - Summon Forest         Summ/Tloc      41%        N/A       1%          5
g - Summon Hydra          Summ           53%        N/A       1%          7
h - Blink                 Tloc           90%        N/A       2%          2
i - Summon Ice Beast      Ice/Summ       81%        N/A       1%          4
j - Monstrous Menagerie   Summ           53%        N/A       1%          7
k - Summon Cactus Giant   Summ           53%        N/A       0%          6
l - Malign Gateway        Summ/Tloc      41%        N/A       10%         7
m - Summon Horrible Thin  Summ           53%        N/A       1%          8

Your spell library contained the following spells:

 Spells                   Type           Power      Damage    Failure   Level
 Apportation              Tloc           90%        N/A       1%          1
 Foxfire                  Conj/Fire      100%       2x1d9     1%          1
 Ignite Poison            Fire/Tmut/Pois 68%        N/A       1%          3
 Inner Flame              Hex/Fire       79%        N/A       1%          3
 Summon Guardian Golem    Hex/Summ       79%        N/A       1%          3
 Volatile Blastmotes      Fire/Tloc      100%       2d18      1%          3
 Animate Armour           Summ/Erth      100%       N/A       1%          4
 Flame Wave               Conj/Fire      79%        2d17      1%          4
 Sticky Flame             Conj/Fire      79%        2d9       1%          4
 Summon Lightning Spire   Summ/Air       79%        N/A       1%          4
 Summon Mana Viper        Hex/Summ       79%        N/A       1%          5
 Lesser Beckoning         Tloc           90%        N/A       2%          2
 Freeze                   Ice            100%       1d10      3%          1
 Starburst                Conj/Fire      39%        6d11      3%          6
 Beastly Appendage        Tmut           66%        N/A       4%          1
 Necrotise                Necr           100%       1d9       4%          1
 Sandblast                Erth           66%        2d15      4%          1
 Slow                     Hex            100%       N/A       4%          1
 Sting                    Tmut/Pois      100%       1d8       4%          1
 Momentum Strike          Conj/Tloc      78%        3d10      4%          2
 Gell's Gravitas          Tloc           45%        N/A       5%          3
 Teleport Other           Tloc           45%        N/A       5%          3
 Ensorcelled Hibernation  Hex/Ice        72%        N/A       6%          2
 Passwall                 Tmut/Erth      27%        N/A       8%          2
 Poisonous Vapours        Pois/Air       66%        N/A       8%          2
 Searing Ray              Conj           66%        2d6       8%          2
 Wereblood                Tmut           33%        N/A       8%          2
 Portal Projectile        Hex/Tloc       78%        N/A       9%          3
 Vhi's Electric Charge    Tloc/Air       78%        N/A       9%          3
 Frozen Ramparts          Ice            76%        1d12      10%         3
 Ozocubu's Armour         Ice            38%        N/A       10%         3
 Dazzling Flash           Conj/Hex       66%        N/A       14%         3
 Mephitic Cloud           Conj/Pois/Air  33%        N/A       14%         3
 Spider Form              Tmut/Pois      33%        N/A       14%         3
 Stone Arrow              Conj/Erth      66%        3d11      14%         3
 Swiftness                Air            33%        N/A       14%         3
 Tukima's Dance           Hex            33%        N/A       14%         3
 Spellforged Servitor     Conj/Summ      39%        N/A       16%         7
 Iskenderun's Mystic Bla  Conj/Tloc      39%        2d9       30%         4
 Ice Form                 Ice/Tmut       36%        N/A       36%         4
 Airstrike                Air            16%        2d(3-19)  43%         4
 Anguish                  Hex/Necr       16%        N/A       43%         4
 Animate Dead             Necr           33%        N/A       43%         4
 Cause Fear               Hex            16%        N/A       43%         4
 Fulminant Prism          Conj/Hex       16%        3d10      43%         4
 Leda's Liquefaction      Hex/Erth       16%        N/A       43%         4
 Olgreb's Toxic Radiance  Pois           33%        N/A       43%         4
 Petrify                  Tmut/Erth      33%        N/A       43%         4
 Metabolic Englaciation   Hex/Ice        18%        N/A       73%         5
 Freezing Cloud           Conj/Ice/Air   17%        6-21      75%         5
 Agony                    Necr           33%        N/A       80%         5
 Alistair's Intoxication  Tmut/Pois      22%        N/A       80%         5
 Arcjolt                  Conj/Air       16%        1d26      80%         5
 Blade Hands              Tmut           16%        N/A       80%         5
 Borgnjor's Vile Clutch   Necr/Erth      16%        N/A       80%         5
 Irradiate                Conj/Tmut      16%        3d17      80%         5
 Iskenderun's Battlesphe  Conj           33%        2d9       80%         5
 Silence                  Hex/Air        16%        N/A       80%         5
 Yara's Violent Unravell  Hex/Tmut       16%        3d8       80%         5
 Dispersal                Tloc           22%        N/A       96%         6
 Simulacrum               Ice/Necr       18%        N/A       99%         6
 Death Channel            Necr           16%        N/A       100%        6
 Eringya's Noxious Bog    Tmut/Pois      16%        N/A       100%        6
 Iron Shot                Conj/Erth      16%        9d4       100%        6
 Dragon Form              Tmut           16%        N/A       100%        7
 Enfeeble                 Hex            16%        N/A       100%        7
 Orb of Destruction       Conj           16%        9d7       100%        7
 Ozocubu's Refrigeration  Ice            19%        4d11      100%        7
 Storm Form               Tmut/Air       16%        N/A       100%        7
 Borgnjor's Revivificati  Necr           16%        N/A       100%        8
 Discord                  Hex            16%        N/A       100%        8
 Infestation              Necr           16%        N/A       100%        8
 Lehudib's Crystal Spear  Conj/Erth      16%        10d5      100%        8
 Maxwell's Capacitive Co  Air            16%        ∞         100%        8
 Necromutation            Tmut/Necr      16%        N/A       100%        8
 Chain Lightning          Conj/Air       16%        3d22      100%        9
 Death's Door             Necr           16%        N/A       100%        9
 Fire Storm               Conj/Fire      39%        8d10      100%        9
 Shatter                  Erth           16%        3d16*     100%        9
 Cigotuvi's Dreadful Rot  Necr/Pois/Air  Unusable   N/A       N/A         2
 Sublimation of Blood     Necr           Unusable   N/A       N/A         2

Dungeon Overview and Level Annotations

Branches:
Dungeon (15/15)            Temple (1/1) D:7            Lair (5/5) D:8
  Swamp (4/4) Lair:3        Snake (4/4) Lair:2        Slime (5/5) Lair:4
    Orc (2/2) D:9             Elf (3/3) Orc:2        Vaults (5/5) D:13
  Crypt (3/3) Vaults:3       Tomb (3/3) Crypt:3      Depths (4/4) D:15
   Hell (visited)             Dis (7/7) Hell            Geh (7/7) Hell
    Coc (7/7) Hell            Tar (7/7) Hell            Zot (5/5) Depths:4
  IceCv (visited)          WizLab (visited)         Gauntlet (visited)

Altars:
Ashenzari
Cheibriados
Dithmenos
Elyvilon
Fedhas
Gozag
Hepliaklqana
Kikubaaqudgha
Makhleb
Nemelex Xobeh
Okawaru
Qazlal
Ru
Sif Muna
Trog
Uskayaw
Vehumet
Wu Jian
Xom
Yredelemnul
Zin
The Shining One
Jiyva
Lugonu

Shops:
D:3 *   D:8 (   D:10 =*   D:13 (   D:15 :   Orc:2 =:([   Elf:2 =*   Lair:3 [
Lair:5 *   Snake:2 (   Snake:4 ?!   Vaults:1 [!*[   Vaults:2 ?(*?[
Vaults:4 (?:   Zot:1 ?   Depths:2 *

Portals:
Hell: Depths:1 Depths:2 Depths:3 Depths:4
Abyss: Depths:2 Depths:3 Depths:4
Pandemonium: Depths:2
Ziggurat: Depths:1
Trove: Vaults:1 (give +4 shadow dragon scales)

Annotations:
D:7 2 transporters
Slime:5 Royal Jelly
Orc:1 2 transporters, Frank's ghost, journeyman DsFi
Coc:7 exclusion: 3 ice statues
Zot:5 4 transporters


Innate Abilities, Weirdness & Mutations

You are immune to sickness and miasma.
Your stone body is resilient. (AC +20)
You are immune to poison.
Your large and strong wings let you fly.
You resist negative energy. (rN+)
You are resistant to electric shocks. (rElec)
You are resistant to unholy torment.
You are immune to petrification.
You have razor-sharp teeth.
You have a pair of small horns on your head.
You are partially covered in large bone plates. (SH +4)
Your flesh is very cold resistant. (rC++)
Your body sometimes deteriorates upon taking damage.
You are dopey. (Int -2)
Your flesh is almost immune to the effects of heat. (rF+++)
You heal very quickly.
You are robust. (+10% HP)
You occasionally shout uncontrollably at your foes.
You are weak. (Str -2)
Armour fits poorly on your large pseudopods.
You expend magic power (3 MP) to strengthen your wands.


Message History

Qopsefud gestures.
Lightning arcs from Qopsefud's claws!
The bolt of lightning hits your golden dragon!!!
Your golden dragon resists.
The bolt of lightning hits Qopsefud.
Qopsefud resists.
The bolt of lightning hits the jelly!!
The jelly dies!
The bolt of lightning hits your quicksilver dragon!
The bolt of lightning hits your storm dragon!!
Your storm dragon resists.
Your storm dragon completely misses Qopsefud.
Your storm dragon claws Qopsefud.
Your storm dragon closely misses Qopsefud.
Your golden dragon misses Qopsefud. x2
Your golden dragon barely misses Qopsefud.
A tormentor comes into view.
The tormentor roars!
Qopsefud pecks your storm dragon!! Qopsefud freezes your storm dragon.
Your storm dragon breathes lightning at Qopsefud.
The bolt of lightning misses Qopsefud.
Your golden dragon breathes fire at Qopsefud.
The bolt of fire hits Qopsefud!
Qopsefud resists.
Qopsefud pecks your storm dragon!!
Your storm dragon dies!
Your storm dragon's corpse disappears in a puff of smoke!
Your quicksilver dragon misses Qopsefud. x2
A dragon arrives to answer your call! Qopsefud gestures at you.
You resist with almost no effort.
Your quicksilver dragon closely misses Qopsefud. x2
Your golden dragon bites Qopsefud.
Your golden dragon claws Qopsefud.
Your golden dragon tramples Qopsefud.
Qopsefud stumbles backwards!
Your fire dragon breathes flames at the tormentor.
The blast of flame hits the tormentor!!
The tormentor resists.
There is a staircase leading out of the dungeon here.
A dragon arrives to answer your call!
Your shadow dragon bites the tormentor but does no damage.
Your shadow dragon barely misses the tormentor.
Your shadow dragon claws the tormentor but does no damage.
You have escaped!

###### ####.....
############# #.(..###.
#...........######....#
##
#.....'#≈≈≈##........##
#.....#.....#......#.#
#..J..≈..@..≈......#.#
#.....≈..⌠..≈......#.#
#.....#....J#.J§...#.#
####.###§≈≈###≈§≈#####
#.#...2..#§....#§#
#.#..DD.§D§§⌠..≈.#
#.#.....§D....§§§#
#.#.....§#§....#.####
#........##≈D≈#'....###


You could see a tormentor (ally target), 3 neutral jellies (fellow slime), a
friendly shadow dragon (summoned), a friendly golden dragon (summoned), a
friendly fire dragon (summoned) and a friendly quicksilver dragon (summoned).

Vanquished Creatures
  Gloorx Vloq (Pan)
  2 dread liches (Zot:5)
  4 ancient liches
  An orb of fire (Zot:5)
  A juggernaut (Dis:7)
  13 royal mummies
  6 shard shrikes
  2 Killer Klowns (Zot:5)
  Xtahua (Vaults:5)
  A golden dragon (Depths:4)
  11 caustic shrikes
  2 profane servitors (Hell)
  9 bone dragons
  2 pearl dragons (Pan)
  6 doom hounds
  3 Tzitzimimeh
  7 iron giants
  6 Brimstone Fiends
  4 hellephants
  2 electric golems
  6 Ice Fiends
  Rupert (Lair:5)
  8 tentacled monstrosities
  6 liches
  15 Orb Guardians
  9 Hell Sentinels
  4 tainted leviathans
  7 searing wretches
  5 titans
  2 death cobs
  A deep elf master archer (Elf:3)
  19 Executioners
  11 tentacled starspawn
  2 sphinxes (Tomb:1)
  4 storm dragons
  14 ancient champions
  A tengu reaver (Vaults:5)
  A draconian monk (Zot:2)
  A shadow dragon (Zot:3)
  5 daevas (Pan)
  Donald (Snake:3)
  5 demonspawn warmongers (Pan)
  2 draconian knights
  A rockslime (Lair:4)
  An azure jelly (Lair:4)
  An iron dragon (Hell)
  6 quicksilver elementals
  5 fire giants
  3 frost giants
  8 narguns (Coc:7)
  A shard shrike simulacrum (Tomb:3)
  19 angels (Pan)
  2 draconian scorchers
  A ghost moth (Zot:4)
  4 vault wardens
  16 balrugs
  2 ghouls (Crypt:3)
  15 cacodemons (Pan)
  5 ironbound preservers
  A spectral caustic shrike (Tar:4)
  6 demonspawn corrupters (Pan)
  7 demonspawn blood saints (Pan)
  2 draconian annihilators
  A draconian stormcaller (Zot:3)
  9 very ugly things
  An orc warlord (Vaults:1)
  5 war gargoyles
  2 curse skulls
  3 stone giants
  24 reapers
  An ironbound thunderhulk (Vaults:3)
  14 apis (Pan)
  7 elemental wellsprings
  A deep elf demonologist (Elf:3)
  8 ophanim (Pan)
  2 eleionomae
  A bennu (Tomb:3)
  4 black draconians
  6 green draconians
  5 deep elf annihilators
  24 lorocyprocas
  2 dire elephants (Vaults:2)
  3 white draconians
  6 putrid mouths
  8 demonspawn black suns (Pan)
  8 wendigos
  2 bunyips
  An eleionoma (shapeshifter) (Vaults:5)
  7 purple draconians
  2 yellow draconians
  4 red draconians
  23 blizzard demons
  5 ettins
  8 eidola
  2 deep elf death magi
  2 statues (WizLab)
  4 iron golems
  5 vault guards
  29 green deaths
  4 yaktaur captains
  A deep elf high priest (Elf:3)
  A spectral spriggan (Crypt:3)
  2 fire dragons
  13 mummy priests
  3 salamander tyrants
  3 juggernaut simulacra
  A hydra (shapeshifter) (Elf:3)
  6 rakshasas
  A spriggan air mage (Depths:4)
  2 ogre magi (Vaults:5)
  2 death knights
  2 caustic shrike simulacra
  An ironbound frostheart (Vaults:2)
  An anaconda (Snake:1)
  4 hell beasts
  A stoker (Geh:3)
  4 centaur warriors
  A spriggan skeleton (Tomb:1)
  A boulder beetle (D:15)
  A dancing weapon (D:13)
  A deep troll shaman (Depths:2)
  39 death scarabs
  A two-headed ogre (D:15)
  2 death yaks (Lair:4)
  2 naga warriors
  20 thrashing horrors
  A vampire mage (Crypt:1)
  2 spectral dire elephants
  87 sun demons
  15 hell hogs
  2 spriggan berserkers
  A naga sharpshooter (Snake:2)
  A shock serpent (Snake:2)
  54 soul eaters
  A spectral storm dragon (Crypt:3)
  5 deep elf knights
  4 crystal echidnas
  A titan skeleton (Tomb:1)
  4 hell knights
  7 cherubim (Pan)
  6 deep trolls
  6 wretched stars
  33 sixfirhies
  A goliath frog (Swamp:3)
  A skeletal warrior (Crypt:1)
  2 iron trolls (Depths:1)
  10 shadow wraiths
  3 flayed ghosts
  A salamander mystic (Snake:2)
  8 shadow demons
  A spectral bunyip (Tar:2)
  7 wizards
  2 quicksilver dragon simulacra
  3 spriggan simulacra
  2 ironbound convokers
  3 bog bodies
  2 deep elf archers
  A steelbarb worm (Pan)
  6 lindwurms
  A shadow dragon zombie (Hell)
  2 orc knights
  5 deep elf pyromancers
  10 phantasmal warriors
  2 mana vipers (Snake:4)
  4 deep elf zephyrmancers
  4 necromancers
  A frost giant zombie (Hell)
  A fenstrider witch simulacrum (Hell)
  9 ugly things
  A will-o-the-wisp (Abyss:2)
  An orc sorcerer (Orc:2)
  A worldbinder (Abyss:3)
  A cyclops (shapeshifter) (Abyss:3)
  3 salamanders
  2 spectral centaurs
  3 guardian serpents
  11 moths of wrath
  4 apocalypse crabs
  An orc zombie (Tomb:1)
  7 black mambas
  6 rust devils
  2 vault sentinels
  A molten gargoyle (Geh:7)
  22 orange demons
  A dire elephant skeleton (Pan)
  5 naga magi
  35 demonic crawlers
  4 cane toads
  A centaur skeleton (Abyss:2)
  53 smoke demons
  A minotaur zombie (Crypt:1)
  3 komodo dragons
  A kobold demonologist (Pan)
  16 hellions
  6 ancient zymes
  16 yaktaurs
  Maggie (D:7)
  An unseen horror (Pan)
  6 efreet
  A tengu conjurer (WizLab)
  5 spectral harpies
  A catoblepas skeleton (Crypt:1)
  A minotaur skeleton (Pan)
  24 tormentors
  A spectral naga (Tar:2)
  7 freezing wraiths
  12 red devils
  An anaconda simulacrum (Crypt:3)
  An ice devil (Abyss:3)
  29 guardian mummies
  A troll (D:10)
  A polar bear (Lair:3)
  A harpy zombie (Crypt:1)
  25 hellwings (Pan)
  A wolf spider simulacrum (D:15)
  3 hornets
  A tyrant leech (Swamp:3)
  A silent spectre (Abyss:3)
  6 wind drakes (Pan)
  A dream sheep (Lair:3)
  5 blink frogs
  3 harpy skeletons
  2 spriggan zombies
  28 raiju
  3 slime creatures
  3 spriggans (Lair:5)
  90 large abominations
  3 shadows
  2 dire elephant simulacra
  5 wraiths
  3 water elementals
  33 ynoxinuls
  A black mamba skeleton (Pan)
  9 flying skulls
  7 ushabtiu (Tomb:3)
  A yak (Lair:1)
  A basilisk (D:15)
  39 neqoxecs
  A fire bat (Abyss:3)
  67 chaos spawn
  2 vampire mosquitoes
  4 harpy simulacra
  5 swamp worms
  5 nagas
  3 hydra simulacra (Coc:7)
  10 hell hounds
  2 water moccasins
  A floating eye (Depths:1)
  A glowing shapeshifter skeleton (Vaults:2)
  An ice beast (Abyss:3)
  4 orc warriors
  An elf simulacrum (Vaults:5)
  3 black bears
  An ogre (shapeshifter) (Abyss:2)
  3 ettin simulacra
  An ogre (D:5)
  6 wolves
  34 small abominations
  A centaur (D:14)
  A lemure (D:9)
  3 earth elementals
  6 bullfrogs
  A salamander skeleton (Crypt:3)
  A naga simulacrum (Coc:7)
  6 wights
  A killer bee (D:8)
  6 electric eels (D:10)
  A howler monkey (D:7)
  A lava snake (D:15)
  6 crimson imps (Pan)
  3 quasits
  3 orc priests
  16 starcursed masses
  2 iron imps (Abyss:2)
  An iguana (D:6)
  An orc wizard (Orc:2)
  29 nameless horrors
  A sky beast zombie (Crypt:1)
  4 naga skeletons
  34 mummies
  2 adders (D:3)
  A shadow imp (D:6)
  2 white imps (Abyss:3)
  3 ufetubi
  An iguana skeleton (Crypt:3)
  A worm (D:4)
  3 dart slugs
  14 orcs
  3 bats
  3 endoplasms
  3 giant cockroaches
  A goblin (D:1)
  3 hobgoblins
  3 jackals
  2 quokkas
  A ball python (D:1)
  A frilled lizard (D:2)
  A goblin skeleton (Crypt:2)
  6 kobolds
  A rat (D:1)
  10 fire vortices
  A lurking horror (Abyss:3)
  10 starspawn tentacles
1938 creatures vanquished.

Vanquished Creatures (collateral kills)
  Cerebov (Pan)
  Antaeus (Coc:7)
  Asmodeus (Geh:7)
  Ereshkigal (Tar:7)
  Ignacio (Pan)
  the Serpent of Hell (Coc:7)
  Lom Lobon (Pan)
  Mnoleg (Pan)
  A seraph (Pan)
  6 ancient liches
  Dispater (Dis:7)
  9 dread liches
  Khufu (Tomb:3)
  An orb of fire (Zot:5)
  4 juggernauts
  22 royal mummies
  The ghost of Nyubb the Impregnable, a veteran MiGl of Hepliaklqana (Crypt:2)
  5 Killer Klowns (Zot:5)
  2 shard shrikes (Coc:6)
  Vashnia (Snake:2)
  Geryon (Hell)
  Parghit (Depths:4)
  20 caustic shrikes
  4 curse toes
  7 profane servitors
  31 bone dragons
  the Enchantress (Depths:4)
  9 golden dragons
  12 Brimstone Fiends
  15 doom hounds
  2 electric golems
  22 Tzitzimimeh
  5 hellephants
  23 Hell Sentinels
  11 iron giants
  16 Ice Fiends
  12 Orb Guardians (Zot:5)
  14 tentacled monstrosities
  A walking crystal tome (Depths:4)
  2 deep elf blademasters (Elf:3)
  13 tainted leviathans
  23 pandemonium lords (Pan)
  2 spectral shard shrikes (Crypt:3)
  8 liches
  9 searing wretches
  16 titans
  A walking divine tome (Depths:2)
  Grunn (Crypt:2)
  5 quicksilver dragons
  A deep elf master archer (Elf:3)
  2 acid blobs (Lair:4)
  26 Executioners
  11 sphinxes
  12 tentacled starspawn
  7 death cobs
  2 eldritch tentacles
  Agnes (Elf:1)
  17 ancient champions
  13 tengu reavers
  5 shadow dragons
  5 draconian monks
  2 nagarajas (Snake:4)
  A fenstrider witch (Swamp:4)
  8 storm dragons
  14 revenants
  4 azure jellies (Lair:4)
  14 daevas
  5 draconian knights
  9 narguns
  15 vault wardens
  16 demonspawn warmongers (Pan)
  11 frost giants
  18 fire giants
  5 deep elf sorcerers
  Louise (Depths:4)
  3 spectral juggernauts
  5 iron dragons
  5 draconian scorchers
  A spectral caustic shrike (Tar:4)
  5 draconian shifters
  8 draconian stormcallers
  A juggernaut zombie (Hell)
  12 quicksilver elementals
  51 balrugs
  10 angels (Pan)
  2 deep elf elementalists (Elf:3)
  An orc warlord (Orc:2)
  4 ghost moths
  32 cacodemons
  7 draconian annihilators
  5 shard shrike simulacra
  5 curse skulls
  11 spriggan defenders
  5 ghouls
  51 very ugly things
  7 ophanim (Pan)
  15 war gargoyles
  19 demonspawn corrupters (Pan)
  36 reapers
  4 ironbound thunderhulks
  14 stone giants
  10 demonspawn blood saints (Pan)
  6 deep elf demonologists
  19 ironbound preservers
  8 putrid mouths
  10 demonspawn black suns (Pan)
  11 lorocyprocas
  An eleionoma (Swamp:1)
  Nessos (Lair:4)
  8 apis (Pan)
  9 black draconians
  5 vampire knights
  15 elemental wellsprings
  65 starcursed masses
  17 purple draconians
  12 deep elf annihilators
  Azrael (Elf:2)
  13 red draconians
  13 yellow draconians
  6 green draconians
  7 spark wasps
  5 bunyips
  3 bennus (Tomb:3)
  3 dire elephants
  12 wendigos
  9 deep elf death magi
  4 white draconians
  A minotaur (Gauntlet)
  12 iron golems
  28 blizzard demons
  23 green deaths
  7 statues (WizLab)
  27 eidola
  Josephine (Lair:4)
  9 jiangshi
  14 mummy priests
  The ghost of Ufecve the Eclecticist, a journeyman DEEE of Vehumet (Lair:4)
  2 fire dragons
  4 spectral quicksilver dragons (Crypt:3)
  A spectral golden dragon (Tar:6)
  A quicksilver dragon skeleton (Crypt:1)
  9 ettins
  3 shambling mangroves
  11 yaktaur captains
  8 deep elf high priests
  3 spectral spriggans
  14 salamander tyrants
  13 hydras
  An entropy weaver (Vaults:4)
  3 great orbs of eyes
  5 ice dragons
  10 rakshasas
  3 caustic shrike simulacra
  3 juggernaut simulacra
  6 anacondas
  4 ogre magi
  15 centaur warriors
  10 hell beasts
  Erica (D:8)
  7 boulder beetles
  2 ghost crabs
  7 spriggan air magi
  8 ironbound frosthearts
  A catoblepas (Lair:3)
  2 fenstrider witch skeletons
  9 naga warriors
  33 vault guards
  11 alligators
  26 dancing weapons
  3 spectral stone giants
  10 deep troll earth magi
  6 tengu warriors
  30 death scarabs
  4 death yaks (Lair:4)
  3 death knights
  3 deep troll shamans
  3 stokers
  17 thrashing horrors
  6 shock serpents
  A spectral dire elephant (Tar:2)
  2 vampire magi
  An orc high priest (Elf:2)
  2 spectral storm dragons
  7 two-headed ogres
  18 hell hogs
  2 titan zombies
  6 spectral nagas
  7 crystal echidnas
  An emperor scorpion zombie (Crypt:2)
  5 spriggan berserkers
  14 naga sharpshooters
  13 deep elf knights
  36 soul eaters
  Amaemon (D:9)
  92 sun demons
  4 salamander mystics
  7 hell knights
  37 sixfirhies
  14 skeletal warriors
  14 wretched stars
  A bunyip zombie (Tomb:2)
  An iron troll (Depths:3)
  22 shadow wraiths
  3 spriggan druids (Swamp:3)
  A spark wasp zombie (Hell)
  4 glowing orange brains
  2 spectral anacondas
  A death drake (Abyss:3)
  3 goliath frogs
  A ghost moth zombie (Crypt:3)
  11 flayed ghosts
  A golden dragon zombie (Hell)
  A kraken simulacrum (Coc:7)
  36 deep trolls
  2 quicksilver dragon simulacra
  12 shadow demons (Pan)
  An orb spider (Abyss:3)
  7 cherubim (Pan)
  2 anaconda zombies
  13 bog bodies
  5 naga ritualists
  A deep troll (shapeshifter) (Vaults:5)
  3 spriggan simulacra
  A bunyip skeleton (Abyss:3)
  2 spectral hydras (Tar:1)
  8 swamp dragons
  11 wizards
  11 lindwurms
  8 phantasmal warriors
  8 orc knights
  6 necromancers
  Pikel (D:9)
  9 deep elf archers
  19 ironbound convokers
  23 deep elf zephyrmancers
  21 deep elf pyromancers
  A spectral merfolk (Tar:1)
  A mana viper (shapeshifter) (Vaults:5)
  85 large abominations
  3 cyclopes
  9 mana vipers
  47 ugly things
  A faun (shapeshifter) (Vaults:5)
  7 orc sorcerers
  An iron dragon zombie (Hell)
  3 frost giant zombies (Hell)
  12 salamanders
  3 spectral ettins
  7 moths of wrath
  5 will-o-the-wisps
  2 spectral centaurs
  4 worldbinders
  2 spectral alligator snapping turtles
  A manticore (D:14)
  A stone giant skeleton (Crypt:2)
  3 centaur zombies
  3 titan simulacra
  An eleionoma skeleton (Crypt:2)
  Maurice (D:9)
  6 apocalypse crabs
  6 guardian serpents
  5 rust devils
  8 naga magi
  A fire giant skeleton (Crypt:3)
  An elephant slug zombie (Crypt:2)
  A human skeleton (Vaults:2)
  43 orange demons
  38 smoke demons
  24 black mambas
  10 cane toads
  A white draconian zombie (Crypt:1)
  9 demonic crawlers
  A gargoyle (D:12)
  2 unseen horrors
  16 vault sentinels
  A black draconian zombie (Crypt:1)
  A cane toad (shapeshifter) (Abyss:3)
  5 molten gargoyles (Geh:7)
  6 kobold demonologists
  30 yaktaurs
  32 tormentors
  A spectral deep troll (Tar:1)
  5 rime drakes
  24 hellions
  Psyche (D:9)
  4 komodo dragons
  8 ice devils
  2 hydra zombies
  27 guardian mummies
  A white draconian skeleton (Crypt:2)
  17 tengu conjurers
  An anaconda simulacrum (Coc:3)
  4 efreet
  4 golden dragon simulacra
  13 freezing wraiths
  3 silent spectres
  10 red devils (Pan)
  10 ancient zymes
  An iron giant simulacrum (Coc:4)
  2 spectral harpies (Crypt:3)
  32 hellwings
  A bloated husk (Swamp:2)
  7 wind drakes (Pan)
  6 polar bears
  7 tyrant leeches
  8 trolls
  3 harpy skeletons
  A hornet (shapeshifter) (Abyss:3)
  6 dream sheep
  26 hornets
  A hydra skeleton (Abyss:3)
  A wind drake (shapeshifter) (Vaults:5)
  2 meliai zombies (D:15)
  9 blink frogs
  40 raiju
  An ettin zombie (Abyss:3)
  A jumping spider (shapeshifter) (D:14)
  A stone giant simulacrum (Vaults:5)
  28 slime creatures
  19 ushabtiu
  A culicivora (Vaults:4)
  13 flying skulls
  7 dire elephant simulacra
  An iron dragon simulacrum (Coc:4)
  Sigmund (D:2)
  3 air elementals
  A culicivora (shapeshifter) (D:15)
  A spectral black mamba (Crypt:3)
  3 shadows
  27 spriggans
  46 ynoxinuls
  An elf zombie (Vaults:2)
  8 water elementals (Depths:4)
  A vampire (Abyss:1)
  A wyvern (shapeshifter) (Vaults:5)
  3 wyverns
  11 wraiths
  A hog (shapeshifter) (Vaults:5)
  24 yaks
  4 basilisks
  33 small abominations
  47 chaos spawn
  8 fire elementals
  3 fire bats (Abyss:3)
  2 redbacks (Vaults:4)
  An alligator snapping turtle simulacrum (Tomb:3)
  19 vampire mosquitoes
  53 neqoxecs
  Menkaure (D:7)
  2 wargs
  6 harpy simulacra
  12 swamp worms
  A glowing shapeshifter zombie (Vaults:2)
  2 acid dragons
  2 hydra simulacra
  24 nagas
  16 hell hounds
  Duvessa (D:7)
  4 water moccasins
  A floating eye (Depths:4)
  A hornet zombie (Crypt:1)
  A swamp drake (Swamp:1)
  A swamp drake (shapeshifter) (Depths:3)
  38 orc warriors
  6 black bears
  6 ettin simulacra
  13 ogres
  17 wolves
  10 centaurs
  10 boggarts
  2 phantoms
  5 kobold brigands
  2 lemures (D:9)
  6 bullfrogs
  2 human zombies
  30 nameless horrors
  4 gnoll sergeants
  7 necrophages
  2 naga simulacra
  2 earth elementals
  3 scorpions
  A glowing shapeshifter simulacrum (Vaults:5)
  A wight (Abyss:2)
  Dowan (D:7)
  5 killer bees
  A raiju skeleton (Crypt:2)
  A howler monkey (D:13)
  A polar bear skeleton (Crypt:2)
  A black bear zombie (Crypt:1)
  A crimson imp (Pan)
  5 quasits
  10 jellies
  24 orc priests
  An iguana (D:6)
  3 iron imps (Abyss:3)
  5 gnoll boudas
  9 hounds
  3 sleepcaps
  Jessica (D:2)
  A basilisk skeleton (Crypt:3)
  32 orc wizards
  4 hell rats (Hell)
  19 mummies
  A howler monkey skeleton (Crypt:3)
  32 gnolls
  A gnoll (shapeshifter) (Vaults:5)
  5 adders
  A shadow imp (Abyss:3)
  5 white imps
  7 ufetubi
  A worm (D:2)
  11 dart slugs
  102 orcs
  5 endoplasms
  A giant cockroach (D:4)
  2 goblins
  10 hobgoblins
  7 jackals
  4 quokkas
  5 ball pythons
  A bat (D:1)
  A hobgoblin skeleton (Crypt:3)
  21 kobolds
  An orc skeleton (Crypt:2)
  5 rats
  A river rat skeleton (Crypt:3)
  3 butterflies (Lair:1)
  3 creeping infernos
  23 fire vortices
  3 lurking horrors
  5 starspawn tentacles
3905 creatures vanquished.

Vanquished Creatures (others)
  A juggernaut (Zot:5)
  A caustic shrike (Dis:7)
  2 Tzitzimimeh
  An acid blob (Abyss:4)
  2 titans (Coc:7)
  15 eldritch tentacles
  A storm dragon (Vaults:5)
  A shadow dragon (Zot:2)
  A draconian knight (Zot:1)
  12 azure jellies
  2 fire giants
  A demonspawn warmonger (Pan)
  A draconian stormcaller (Zot:4)
  2 shard shrike simulacra (Coc:6)
  A demonspawn corrupter (Pan)
  A war gargoyle (Vaults:5)
  A cacodemon (Pan)
  A draconian annihilator (Pan)
  A demonspawn blood saint (Pan)
  3 elemental wellsprings (Coc:7)
  4 wendigos
  A deep elf annihilator (Pan)
  A demonspawn black sun (Pan)
  A purple draconian (Depths:4)
  A lorocyproca (Pan)
  2 blizzard demons (Pan)
  2 great orbs of eyes
  A spriggan zombie (Hell)
  5 caustic shrike simulacra
  2 juggernaut simulacra (Coc:4)
  A centaur warrior (D:13)
  A dancing weapon (Pan)
  A death yak (Lair:3)
  Urug (Lair:2)
  A sun demon (Pan)
  7 glowing orange brains
  A deep elf zephyrmancer (Elf:1)
  2 deep elf pyromancers
  A shining eye (Abyss:3)
  A molten gargoyle (Geh:7)
  8 smoke demons (Pan)
  2 black mambas (Snake:1)
  2 titan simulacra (Coc:7)
  An orange demon (Pan)
  3 anaconda simulacra
  A bloated husk (Swamp:1)
  A golden dragon simulacrum (Coc:3)
  3 wind drakes (Pan)
  A blink frog (Lair:4)
  2 slime creatures
  2 stone giant simulacra (Coc:3)
  An iron dragon simulacrum (Coc:3)
  2 dire elephant simulacra
  A wraith (D:13)
  A yak (D:11)
  A ynoxinul (Pan)
  A wyvern (Pan)
  A golden eye (Abyss:3)
  A nameless horror (Swamp:3)
  6 chaos spawn
  5 neqoxecs
  4 harpy simulacra
  A hell hound (Abyss:3)
  A water moccasin (Lair:4)
  2 hydra simulacra
  2 ettin simulacra
  An ogre (Orc:2)
  2 small abominations (Abyss:3)
  A centaur (D:13)
  A starcursed mass (Abyss:3)
  3 naga simulacra (Coc:7)
  A swamp dragon simulacrum (Hell)
  A crimson imp (Pan)
  570 jellies
  An orc priest (Abyss:3)
  2 hell rats (Hell)
  A sky beast zombie (Crypt:1)
  A mummy (Tomb:1)
  2 gnolls
  An endoplasm (Abyss:4)
  19 ball lightnings (Pan)
  2 creeping infernos (Hell)
  22 fire vortices
  19 foxfires
  5 lurking horrors
  45 snaplasher vines
  32 starspawn tentacles
876 creatures vanquished.

Grand Total: 6719 creatures vanquished

Notes
Turn   | Place    | Note
-------+----------+-------------------------------------------
     0 | D:1      | ChickenMitten the Gargoyle Summoner began the quest for the
                  | Orb.
     0 | D:1      | Reached XP level 1. HP: 10/10 MP: 3/3
   423 | D:1      | Reached XP level 2. HP: 15/15 MP: 1/5
   530 | D:1      | Learned a level 2 spell: Call Imp
   904 | D:2      | Reached XP level 3. HP: 20/20 MP: 0/7
   980 | D:2      | Identified the +4 flail "Diguu" {heavy, Str+3 Dex+4}
  1111 | D:2      | Noticed Sigmund
  1239 | D:2      | Noticed Jessica
  1349 | D:2      | Reached XP level 4. HP: 24/24 MP: 8/8
  1353 | D:2      | Learned a level 3 spell: Call Canine Familiar
  2004 | D:2      | Killed Jessica
  2005 | D:2      | Reached skill level 1 in Fighting
  2169 | D:2      | Killed Sigmund
  2170 | D:2      | Reached XP level 5. HP: 30/30 MP: 5/11
  2170 | D:2      | Reached XP level 6. HP: 35/35 MP: 5/12
  2767 | D:3      | Found a glowing golden altar of the Shining One.
  2767 | D:3      | Found an ornate altar of the Wu Jian Council.
  2772 | D:3      | Reached skill level 5 in Summonings
  2980 | D:3      | Found Moomojitt's Assorted Antiques.
  2989 | D:3      | Bought a scroll of identify for 54 gold pieces
  3077 | D:4      | You fall into a shaft and drop 3 floors!
  3077 | D:7      | Found a burning altar of Makhleb.
  3186 | D:7      | Noticed an orc warrior
  3206 | D:7      | Reached XP level 7. HP: 27/40 MP: 5/14
  3212 | D:7      | Reached skill level 5 in Spellcasting
  3476 | D:7      | Reached XP level 8. HP: 45/45 MP: 10/16
  3489 | D:7      | Learned a level 3 spell: Summon Guardian Golem
  3552 | D:7      | Noticed Duvessa
  3569 | D:7      | Noticed Dowan
  3735 | D:5      | Entered Level 5 of the Dungeon
  3799 | D:5      | Found a blossoming altar of Fedhas.
  4305 | D:4      | Noticed an air elemental
  4312 | D:4      | Found a stormy altar of Qazlal.
  4314 | D:4      | Noticed a water elemental
  4329 | D:4      | Reached XP level 9. HP: 51/51 MP: 14/19
  4680 | D:4      | Found an opulent altar of Gozag.
  4749 | D:4      | Became a worshipper of Gozag Ym Sagoz the Greedy
  5215 | D:4      | Learned a level 4 spell: Summon Lightning Spire
  5412 | D:5      | Found a snail-covered altar of Cheibriados.
  5626 | D:5      | Found a bloodstained altar of Trog.
  5741 | D:5      | Identified the ring of Moneab {Ice Str+2 Int-4 Stlth+}
  7235 | D:7      | Found a transporter.
  7242 | D:7      | Noticed a kobold demonologist
  7261 | D:7      | Killed Duvessa
  7263 | D:7      | Killed Dowan
  7411 | D:7      | Found a broken altar of Ashenzari.
  7413 | D:7      | Noticed Menkaure
  7532 | D:7      | Found a transporter.
  7563 | D:7      | Noticed Maggie
  7858 | D:7      | Killed Maggie
  7977 | D:7      | Killed Menkaure
  7978 | D:7      | Reached XP level 10. HP: 46/56 MP: 8/21
  7988 | D:7      | Found a staircase to the Ecumenical Temple.
  8518 | D:8      | Noticed Erica
  8525 | D:8      | Killed Erica
  8526 | D:8      | Reached skill level 10 in Summonings
  8575 | D:8      | Found a shimmering altar of Xom.
  8593 | D:8      | Found a staircase to the Lair.
  8686 | D:8      | Found Boacacs's Antique Weapon Emporium.
  8691 | D:8      | Bought a jewelled trident for 204 gold pieces
  8691 | D:8      | Identified the +0 trident of the Firefly {vamp, Dex+2} (You
                  | bought it in a shop on level 8 of the Dungeon)
  8727 | Temple   | Entered the Ecumenical Temple
  9980 | D:9      | Noticed Amaemon
  9980 | D:9      | Noticed an orange demon
 10130 | D:9      | Found a staircase to the Orcish Mines.
 10165 | D:9      | Noticed Pikel
 10294 | D:9      | Noticed a two-headed ogre
 10320 | D:9      | Killed a two-headed ogre
 10693 | D:9      | Noticed a two-headed ogre
 10702 | D:9      | Killed a two-headed ogre
 10703 | D:9      | Reached XP level 11. HP: 52/61 MP: 14/23
 10785 | D:9      | Noticed Maurice
 10799 | D:9      | Killed Maurice
 10890 | D:9      | Learned a level 5 spell: Summon Forest
 10898 | D:9      | Learned a level 7 spell: Summon Hydra
 11090 | D:9      | Noticed Psyche
 11112 | D:9      | Killed Psyche
 11156 | D:9      | Killed Amaemon
 11223 | D:9      | Killed Pikel
 11312 | D:9      | Reached skill level 1 in Translocations
 11514 | D:9      | Learned a level 2 spell: Blink
 11576 | D:9      | Noticed a two-headed ogre
 11594 | D:9      | Killed a two-headed ogre
 11826 | Orc:1    | Entered Level 1 of the Orcish Mines
 12061 | Orc:1    | Noticed an orc knight
 12065 | Orc:1    | Noticed an ettin
 12081 | Orc:1    | Killed an orc knight
 12082 | Orc:1    | Reached skill level 5 in Dodging
 12084 | Orc:1    | Killed an ettin
 12085 | Orc:1    | Reached skill level 5 in Fighting
 12342 | D:10     | Entered Level 10 of the Dungeon
 12381 | D:10     | Found a flagged portal.
 12562 | D:10     | Identified a scroll of acquirement
 12566 | D:10     | Acquired a +4 ring of protection
 12592 | D:10     | Noticed a deep elf pyromancer
 12598 | D:10     | Killed a deep elf pyromancer
 12646 | D:10     | Found a hide-covered altar of Uskayaw.
 12869 | D:10     | Found a shadowy altar of Dithmenos.
 13024 | D:10     | Identified the +1 scale mail "Jemao" {rF+}
 13063 | D:10     | Reached XP level 12. HP: 64/68 MP: 21/25
 13511 | D:10     | Found a shimmering blue altar of Sif Muna.
 13595 | D:10     | Bought the amulet of Cowardice {RegenMP Will+ rCorr Dex+2}
                  | for 524 gold pieces
 13888 | D:11     | Noticed a two-headed ogre
 13900 | D:11     | Killed a two-headed ogre
 13901 | D:11     | Reached skill level 10 in Spellcasting
 15000 | D:12     | Noticed a boulder beetle
 15096 | D:12     | Killed a boulder beetle
 15409 | Orc:2    | Entered Level 2 of the Orcish Mines
 15461 | Orc:2    | Found a staircase to the Elven Halls.
 15659 | Orc:2    | Reached XP level 13. HP: 75/75 MP: 25/28
 16199 | Orc:2    | Noticed an orc warlord
 16225 | Orc:2    | Killed an orc warlord
 16477 | Orc:2    | Found Ytufat's Antique Weapon Shoppe.
 16480 | Orc:2    | Found Reret's Antique Armour Emporium.
 16496 | Orc:2    | Bought a pair of spiked boots for 304 gold pieces
 16496 | Orc:2    | Identified the +2 pair of boots "Piakhlito" {Harm rPois
                  | Will- rCorr} (You bought it in a shop on level 2 of the
                  | Orcish Mines)
 16863 | Orc:2    | Found Puownur's Book Emporium.
 16872 | Orc:2    | Bought a book of Geomancy for 216 gold pieces
 16920 | Orc:2    | Found Wiuliluc's Jewellery Shoppe.
 16930 | Orc:2    | Bought a ring of magical power for 260 gold pieces
 17220 | Orc:1    | Identified the ring of Jiemiec {Slay+2 SInv}
 17222 | Orc:1    | Found a transporter.
 17225 | Orc:1    | Noticed Frank's ghost (journeyman DsFi)
 17246 | Orc:1    | Found a transporter.
 17981 | D:13     | Reached skill level 15 in Summonings
 18210 | D:13     | Gained mutation: You are agile. (Dex +4, Str/Int -1) [a
                  | neqoxec]
 18236 | D:13     | Found a corrupted altar of Lugonu.
 18482 | D:13     | Found a gate to the Vaults.
 18935 | D:13     | Bought an encrusted bardiche for 448 gold pieces
 18935 | D:13     | Identified the +6 bardiche of the Butterfly {freeze, Dex+2}
                  | (You bought it in a shop on level 13 of the Dungeon)
 19319 | Lair:1   | Entered Level 1 of the Lair of Beasts
 19685 | Lair:1   | Gained mutation: Your large and strong wings let you fly.
                  | [Gargoyle growth]
 19685 | Lair:1   | Reached XP level 14. HP: 77/83 MP: 29/29
 20281 | Lair:2   | Noticed Urug
 20296 | Lair:2   | Killed Urug
 20425 | Lair:2   | Found a gate leading to a gauntlet.
 20431 | Gauntlet | Entered a Gauntlet
 20431 | Gauntlet | Found a transporter.
 20439 | Gauntlet | Found a transporter.
 20443 | Gauntlet | Found a transporter.
 20451 | Gauntlet | Found the +4 moon troll leather armour {Spirit, Regen++
                  | MP+5}
 20454 | Gauntlet | Found a transporter.
 20455 | Gauntlet | Found a transporter.
 20463 | Gauntlet | Found a transporter.
 20467 | Gauntlet | Found a transporter.
 20475 | Gauntlet | Found a transporter.
 20479 | Gauntlet | Found a transporter.
 20490 | Gauntlet | Found a transporter.
 20518 | Gauntlet | Found a transporter.
 20530 | Gauntlet | Found a transporter.
 20543 | Gauntlet | Found a transporter.
 20547 | Gauntlet | Found a runed translucent door.
 20556 | Gauntlet | Found a transporter.
 20923 | Gauntlet | Identified the +7 chain mail "Waaschaluwk" {rElec Int+4}
 20980 | Lair:2   | Found a staircase to the Snake Pit.
 21320 | Lair:2   | Got the Guide on Chilblains and Venom
 21326 | Lair:2   | Learned a level 4 spell: Summon Ice Beast
 22176 | Lair:3   | Found a staircase to the Swamp.
 22229 | Lair:3   | Reached skill level 1 in Ice Magic
 22528 | Lair:3   | Identified the +2 flail "Dawub" {elec, rPois Will- Str+4}
 22815 | Lair:4   | Noticed Josephine
 22815 | Lair:4   | Noticed Nessos
 22858 | Lair:4   | Killed Josephine
 23176 | Lair:4   | Killed Nessos
 23426 | Lair:4   | Reached skill level 1 in Polearms
 23648 | Lair:4   | Found a staircase to the Slime Pits.
 23657 | Lair:4   | Found a runed translucent gate.
 23657 | Lair:4   | Found a runed translucent gate.
 23657 | Lair:4   | Found a runed translucent gate.
 23658 | Lair:4   | Noticed an azure jelly
 23658 | Lair:4   | Noticed an azure jelly
 23658 | Lair:4   | Noticed an acid blob
 23658 | Lair:4   | Noticed an azure jelly
 23658 | Lair:4   | Noticed an azure jelly
 23658 | Lair:4   | Noticed a rockslime
 23659 | Lair:4   | Noticed an azure jelly
 23659 | Lair:4   | Noticed Ufecve's ghost (journeyman DEEE)
 23659 | Lair:4   | Noticed an acid blob
 23840 | Lair:4   | Found a viscous altar of Jiyva.
 23932 | Lair:5   | Entered Level 5 of the Lair of Beasts
 24284 | Lair:5   | Noticed Rupert
 24291 | Lair:5   | Killed Rupert
 24292 | Lair:5   | Reached XP level 15. HP: 90/90 MP: 17/31
 24860 | Lair:5   | Reached skill level 5 in Polearms
 25415 | Lair:5   | Bought a scroll of blinking for 262 gold pieces
 25837 | D:14     | Noticed a frost giant
 25854 | D:14     | Killed a frost giant
 26391 | D:14     | Identified the ring of Recklessness {rN+ Str+6}
 26535 | D:14     | Reached skill level 10 in Fighting
 26934 | D:15     | Entered Level 15 of the Dungeon
 26946 | D:15     | Found a frozen archway.
 26975 | IceCv    | Entered an ice cave
 27596 | D:15     | Found a staircase to the Depths.
 27944 | D:15     | Found a sparkling altar of Nemelex Xobeh.
 28470 | D:15     | Reached skill level 10 in Dodging
 28883 | Snake:1  | Entered Level 1 of the Snake Pit
 28995 | Snake:1  | Identified the +0 pair of boots of the Cockatrice {rC+}
 29099 | Snake:1  | Reached XP level 16. HP: 84/100 MP: 11/32
 29982 | Snake:2  | Noticed Vashnia
 30897 | Snake:2  | Killed Vashnia
 31364 | Snake:2  | Found Igeabbalag's Antique Weapon Shop.
 31372 | Snake:2  | Bought a demon trident for 540 gold pieces
 32399 | Snake:3  | Noticed Donald
 32526 | Snake:2  | Lost mutation: You are agile. (Dex +4, Str/Int -1) [potion
                  | of mutation]
 32526 | Snake:2  | Gained mutation: Your spells are a little easier to cast,
                  | but a little less powerful. [potion of mutation]
 32526 | Snake:2  | Gained mutation: Your muscles are strong. (Str +4, Int/Dex
                  | -1) [potion of mutation]
 32527 | Snake:2  | Lost mutation: Your spells are a little easier to cast, but
                  | a little less powerful. [potion of mutation]
 32527 | Snake:2  | Lost mutation: Your muscles are strong. (Str +4, Int/Dex
                  | -1) [potion of mutation]
 32527 | Snake:2  | Gained mutation: You are agile. (Dex +4, Str/Int -1)
                  | [potion of mutation]
 32527 | Snake:2  | Gained mutation: You are weak. (Str -2) [potion of
                  | mutation]
 32527 | Snake:2  | Lost mutation: You are weak. (Str -2) [potion of mutation]
 32527 | Snake:2  | Gained mutation: Your skin changes colour to match your
                  | surroundings (Stealth+). [potion of mutation]
 32528 | Snake:2  | Lost mutation: You are agile. (Dex +4, Str/Int -1) [potion
                  | of mutation]
 32528 | Snake:2  | Lost mutation: Your skin changes colour to match your
                  | surroundings (Stealth+). [potion of mutation]
 32528 | Snake:2  | Gained mutation: You have a pair of small horns on your
                  | head. [potion of mutation]
 32528 | Snake:2  | Gained mutation: You passively dampen the noise of your
                  | surroundings. [potion of mutation]
 32529 | Snake:2  | Lost mutation: You have a pair of small horns on your head.
                  | [potion of mutation]
 32529 | Snake:2  | Lost mutation: You passively dampen the noise of your
                  | surroundings. [potion of mutation]
 32529 | Snake:2  | Gained mutation: You have sharp toenails. [potion of
                  | mutation]
 32529 | Snake:2  | Gained mutation: You have sharp fingernails. [potion of
                  | mutation]
 32530 | Snake:2  | Lost mutation: You have sharp toenails. [potion of
                  | mutation]
 32530 | Snake:2  | Lost mutation: You have sharp fingernails. [potion of
                  | mutation]
 32530 | Snake:2  | Gained mutation: You are partially covered in iridescent
                  | scales. (AC +2) [potion of mutation]
 32530 | Snake:2  | Gained mutation: You are mostly covered in iridescent
                  | scales. (AC +4) [potion of mutation]
 32530 | Snake:2  | Gained mutation: Your mind is acute. (Int +4, Str/Dex -1)
                  | [potion of mutation]
 32730 | Elf:1    | Entered Level 1 of the Elven Halls
 32752 | Elf:1    | Reached skill level 1 in Shields
 32945 | Elf:1    | Reached XP level 17. HP: 96/109 MP: 11/33
 33462 | Elf:1    | Reached skill level 5 in Shields
 33636 | Elf:1    | Noticed Agnes
 33641 | Elf:1    | Killed Agnes
 35439 | Elf:2    | Reached skill level 10 in Shields
 35696 | Elf:2    | Noticed Azrael
 35712 | Elf:2    | Killed Azrael
 35816 | Elf:2    | Found Xoiwkegh's Jewellery Boutique.
 35823 | Elf:2    | Bought a ring of the Octopus King {rC+ HP+2 AC+2 EV+2 SH+2}
                  | for 1043 gold pieces
 35823 | Elf:2    | Found the ring of the Octopus King {rC+ HP+2 AC+2 EV+2
                  | SH+2}
 35823 | Elf:2    | Bought a ring of wizardry for 510 gold pieces
 35847 | Elf:2    | Found Saetexzao's General Store.
 35935 | Elf:2    | Found a huge runed translucent gate.
 35935 | Elf:2    | Found a huge runed translucent gate.
 35935 | Elf:2    | Found a huge runed translucent gate.
 35936 | Elf:2    | Found a huge runed translucent gate.
 35939 | Elf:2    | Found a huge runed translucent gate.
 37166 | Elf:3    | Entered Level 3 of the Elven Halls
 37250 | Elf:3    | Reached XP level 18. HP: 116/116 MP: 10/34
 37729 | D:3      | Bought a scroll of enchant weapon for 202 gold pieces
 38389 | Elf:3    | Paralysed by an air elemental for 1 turns
 39055 | Elf:3    | Noticed a deep elf master archer
 39072 | Elf:3    | Killed a deep elf master archer
 39246 | Elf:3    | Noticed an Ice Fiend
 39493 | Elf:3    | Identified the amulet of Aqac {RegenMP rElec rC++ Str+4}
 39517 | Elf:3    | Noticed a deep elf blademaster
 39527 | Elf:3    | Killed a deep elf blademaster
 39582 | Elf:3    | Identified the staff of earth "Saecweyn" {rElec Dex+4}
 39582 | Elf:3    | Identified the +1 ring mail "Aliu" {rC+ MP+9 SInv}
 39582 | Elf:3    | Noticed a deep elf master archer
 39591 | Elf:3    | Killed a deep elf master archer
 39597 | Elf:3    | Identified the +4 dagger of Excruciating Pain {heavy, rElec
                  | Int+2}
 39732 | Elf:3    | Noticed a deep elf blademaster
 40248 | Elf:3    | Killed a deep elf blademaster
 40475 | Elf:3    | Acquired a book of Beasts
 40486 | Elf:3    | Learned a level 7 spell: Monstrous Menagerie
 40624 | Elf:3    | Identified the +7 longbow "Xech" {drain, SInv}
 40711 | Elf:3    | Identified the staff of earth "Keedyth" {rElec rCorr Str-2
                  | Int+3}
 41715 | Snake:3  | Killed Donald
 42060 | Snake:4  | Entered Level 4 of the Snake Pit
 42800 | Snake:4  | Found Dafrics's Distillery.
 42804 | Snake:4  | Found Roguf's Magic Scroll Shoppe.
 42812 | Snake:4  | Bought a scroll of acquirement for 936 gold pieces
 42812 | Snake:4  | Bought a scroll of enchant armour for 135 gold pieces
 42819 | Snake:4  | Acquired 798 gold pieces
 42882 | Snake:4  | Reached XP level 19. HP: 122/122 MP: 11/36
 43726 | Snake:4  | Got a serpentine rune of Zot
 43798 | Snake:4  | Learned a level 6 spell: Summon Cactus Giant
 44006 | Swamp:1  | Entered Level 1 of the Swamp
 44121 | Lair:3   | Bought a +2 helmet of see invisible for 408 gold pieces
 44839 | Swamp:1  | Reached skill level 15 in Fighting
 45488 | Lair:5   | Bought a scroll of blinking for 262 gold pieces
 45495 | Lair:5   | Reached skill level 10 in Polearms
 46686 | Swamp:3  | Reached skill level 15 in Spellcasting
 47806 | Swamp:4  | Entered Level 4 of the Swamp
 48313 | Swamp:4  | Reached XP level 20. HP: 129/129 MP: 20/40
 48564 | Swamp:4  | Got a decaying rune of Zot
 49418 | Vaults:1 | Entered Level 1 of the Vaults
 49597 | Vaults:1 | Found a magical portal.
 49611 | WizLab   | Entered Iskenderun's Mystic Tower
 51635 | WizLab   | Got Iskenderun's Book of Blasting
 51635 | WizLab   | Got Iskenderun's Catalogue of the Missiles
 51650 | WizLab   | Got the Quarto of Concussion and Malisons
 51650 | WizLab   | Got Sif Muna's Compendium of Summoned Snow
 51987 | Vaults:1 | Found a portal to a secret trove of treasure.
 52625 | Vaults:1 | Found Geivecom's Armour Shoppe.
 52625 | Vaults:1 | Found Areom's Distillery.
 52663 | Vaults:1 | Found Peosive's Assorted Antiques.
 52982 | Vaults:1 | Bought the +3 crown of Dyrovepreva {rElec Int+2 SInv} for
                  | 1531 gold pieces
 52982 | Vaults:1 | Found the +3 crown of Dyrovepreva {rElec Int+2 SInv}
 53240 | Vaults:1 | Reached XP level 21. HP: 71/134 MP: 29/44
 54135 | Vaults:2 | Learned a level 7 spell: Malign Gateway
 54431 | Vaults:2 | Found Anurr's Magic Scroll Emporium.
 54432 | Vaults:2 | Found Qal Nusa's Antique Armour Boutique.
 54756 | Vaults:2 | Found Ganyokukao's General Store.
 54912 | Vaults:2 | Found Otzuecal's Magic Scroll Emporium.
 54924 | Vaults:2 | Bought a scroll of enchant armour for 112 gold pieces
 55038 | Vaults:2 | Reached skill level 1 in Armour
 55415 | Vaults:2 | Found Okolozy's Antique Weapon Emporium.
 56970 | Vaults:3 | Paralysed by a great orb of eyes for 2 turns
 57108 | Vaults:3 | Found a staircase to the Crypt.
 58056 | Vaults:3 | Reached XP level 22. HP: 141/141 MP: 21/46
 58426 | Vaults:4 | Found Qoghemoro's Weapon Shop.
 58474 | Vaults:4 | Identified the +8 trident "Sarcophage" {vamp, Dex+5}
 59506 | Vaults:4 | Bought the Lessons on Productive Malediction for 672 gold
                  | pieces
 59518 | Vaults:4 | Learned a level 8 spell: Summon Horrible Things
 59925 | Vaults:1 | Bought a scarf of invisibility for 156 gold pieces
 60155 | Depths:1 | Entered Level 1 of the Depths
 60497 | Vaults:5 | Entered Level 5 of the Vaults
 60510 | Vaults:5 | Noticed Xtahua
 60531 | Vaults:5 | Killed Xtahua
 60710 | Vaults:5 | Reached XP level 23. HP: 117/147 MP: 9/47
 61051 | Vaults:5 | Noticed a golden dragon
 61062 | Vaults:5 | Noticed a golden dragon
 61065 | Vaults:5 | Killed a golden dragon
 61129 | Vaults:5 | Killed a golden dragon
 61279 | Vaults:5 | Learned a level 9 spell: Dragon's Call
 61434 | Vaults:5 | Lost mutation: Your mind is acute. (Int +4, Str/Dex -1) [a
                  | shining eye]
 61569 | Vaults:4 | Bought a scroll of enchant weapon for 142 gold pieces
 61578 | Vaults:5 | Noticed a dread lich
 61748 | Vaults:4 | Bought a scroll of acquirement for 988 gold pieces
 61752 | Vaults:4 | Acquired 958 gold pieces
 61783 | Vaults:4 | Paralysed by a dread lich for 3 turns
 61793 | Vaults:5 | Paralysed by a dread lich for 5 turns
 61795 | Vaults:5 | Killed a dread lich
 62061 | Vaults:5 | Noticed a dread lich
 62068 | Vaults:5 | Killed a dread lich
 62468 | Vaults:5 | Identified the +1 trident "Siz Woi" {freeze, Contam rC++
                  | Will+ Stlth+}
 62470 | Vaults:5 | Got a silver rune of Zot
 62471 | Vaults:5 | Identified the amulet "Pacusuros" {Acrobat MP+9}
 63802 | Depths:1 | Reached XP level 24. HP: 148/152 MP: 20/47
 63814 | Depths:1 | Found a gateway to Hell.
 64048 | Depths:1 | Found a one-way gateway to a ziggurat.
 64281 | Depths:1 | Reached skill level 15 in Shields
 64607 | Depths:1 | Noticed a juggernaut
 65101 | Depths:2 | Found a one-way gate to the infinite horrors of the Abyss.
 65120 | Depths:2 | Identified the +9 hand axe of Bygop {holy, rC+++ Str+5
                  | Dex-2}
 65236 | Depths:2 | Found a one-way gate leading to the halls of Pandemonium.
 65833 | Orc:2    | Bought an amulet of regeneration for 390 gold pieces
 66125 | Depths:2 | Got Sif Muna's Parchment of the Damaging Serac
 66905 | Depths:3 | Noticed a juggernaut
 66922 | Depths:3 | Killed a juggernaut
 67386 | Depths:3 | Identified the +0 scale mail "Unnewa" {rF- rC+ Str+2 Dex+2}
 68529 | Depths:4 | Entered Level 4 of the Depths
 68542 | Depths:4 | Noticed a juggernaut
 68560 | Depths:4 | Killed a juggernaut
 68679 | Depths:4 | Reached XP level 25. HP: 159/159 MP: 24/47
 68781 | Depths:4 | Noticed Parghit
 68794 | Depths:4 | Killed Parghit
 69053 | Depths:4 | Noticed Louise
 69068 | Depths:4 | Killed Louise
 69099 | Depths:4 | Reached skill level 15 in Dodging
 69250 | Depths:4 | Noticed the Enchantress
 69267 | Depths:4 | Paralysed by a floating eye for 4 turns
 69277 | Depths:4 | Paralysed by a floating eye for 4 turns
 69477 | Depths:4 | Killed the Enchantress
 69702 | Depths:4 | Found a gate to the Realm of Zot.
 69730 | Depths:4 | Found an opulent altar of Gozag.
 70337 | Zot:1    | Entered Level 1 of the Realm of Zot
 70627 | Zot:1    | Bought a scroll of blinking for 82 gold pieces
 70627 | Zot:1    | Bought a scroll of teleportation for 33 gold pieces
 70627 | Zot:1    | Bought a scroll of blinking for 82 gold pieces
 70691 | Depths:4 | Voluntarily entered the Abyss.
 71021 | Abyss:1  | Gained mutation: You are weak. (Str -2) [a neqoxec]
 71022 | Abyss:1  | Gained mutation: You are occasionally teleported next to
                  | monsters. [a neqoxec]
 71030 | Abyss:1  | Gained mutation: You sometimes lose your temper in combat.
                  | [a neqoxec]
 71033 | Abyss:1  | Gained mutation: You occasionally shout uncontrollably at
                  | your foes. [a neqoxec]
 71413 | Abyss:2  | Found a corrupted altar of Lugonu.
 71428 | Depths:4 | Escaped the Abyss
 71783 | Lair:4   | Killed Ufecve's ghost
 71885 | Lair:4   | Fell from the grace of Gozag
 71885 | Lair:4   | Became a worshipper of Jiyva Jebauteg the Shapeless
 71910 | Slime:1  | Entered Level 1 of the Pits of Slime
 71937 | Slime:5  | Entered Level 5 of the Pits of Slime
 71947 | Slime:5  | Noticed the Royal Jelly
 71956 | Slime:5  | Found a viscous altar of Jiyva.
 72350 | Depths:2 | Voluntarily entered the Abyss.
 72775 | Abyss:2  | Reached XP level 26. HP: 168/168 MP: 34/47
 72792 | Depths:2 | Escaped the Abyss
 74637 | Zot:2    | You are sucked into a shaft and drop 2 floors!
 74773 | Zot:5    | Entered Level 5 of the Realm of Zot
 74824 | Zot:4    | Reached * piety under Jiyva
 75574 | Zot:1    | Lost mutation: You sometimes lose your temper in combat.
                  | [potion of mutation]
 75574 | Zot:1    | Lost mutation: You are occasionally teleported next to
                  | monsters. [potion of mutation]
 75574 | Zot:1    | Lost mutation: You are weak. (Str -2) [potion of mutation]
 75574 | Zot:1    | Gained mutation: You have large cloven feet. [potion of
                  | mutation]
 75574 | Zot:1    | Gained mutation: You are occasionally teleported next to
                  | monsters. [potion of mutation]
 75574 | Zot:1    | Gained mutation: Your spells are a little harder to cast,
                  | but a little more powerful. [potion of mutation]
 75576 | Zot:1    | Lost mutation: You occasionally shout uncontrollably at
                  | your foes. [potion of mutation]
 75576 | Zot:1    | Lost mutation: You have large cloven feet. [potion of
                  | mutation]
 75576 | Zot:1    | Lost mutation: You are mostly covered in iridescent scales.
                  | (AC +4) [potion of mutation]
 75576 | Zot:1    | Gained mutation: You are strong-willed. (Will+) [potion of
                  | mutation]
 75996 | Snake:4  | Bought a potion of mutation for 176 gold pieces
 76028 | Snake:4  | Lost mutation: You are strong-willed. (Will+) [potion of
                  | mutation]
 76028 | Snake:4  | Lost mutation: Your spells are a little harder to cast, but
                  | a little more powerful. [potion of mutation]
 76028 | Snake:4  | Lost mutation: You are occasionally teleported next to
                  | monsters. [potion of mutation]
 76028 | Snake:4  | Gained mutation: You are dopey. (Int -2) [potion of
                  | mutation]
 76349 | Crypt:1  | Entered Level 1 of the Crypt
 76463 | Crypt:1  | Reached ** piety under Jiyva
 77342 | Crypt:2  | Reached *** piety under Jiyva
 77448 | Crypt:2  | Acquired 871 gold pieces
 77696 | Crypt:2  | Noticed Grunn
 77719 | Crypt:2  | Killed Grunn
 77777 | Crypt:2  | Lost mutation: You are dopey. (Int -2) [Jiyva's grace]
 77777 | Crypt:2  | Gained mutation: You are mostly covered in iridescent
                  | scales. (AC +4) [Jiyva's grace]
 77777 | Crypt:2  | Gained mutation: You are completely covered in iridescent
                  | scales. (AC +6) [Jiyva's grace]
 77777 | Crypt:2  | Gained mutation: Your rubbery body absorbs attacks. (AC +1,
                  | EV +1) [Jiyva's grace]
 77777 | Crypt:2  | Gained mutation: Your pliable body absorbs attacks. (AC +2,
                  | EV +2) [Jiyva's grace]
 77791 | Crypt:2  | Found a runed translucent gate.
 77792 | Crypt:2  | Found a runed translucent gate.
 77903 | Crypt:2  | Reached **** piety under Jiyva
 77951 | Crypt:2  | Found a runed translucent gate.
 77951 | Crypt:2  | Noticed Nyubb's ghost (veteran MiGl)
 77989 | Crypt:2  | Killed Nyubb's ghost
 78199 | Crypt:3  | Entered Level 3 of the Crypt
 78629 | Crypt:3  | Reached XP level 27. HP: 177/177 MP: 46/47
 79268 | Crypt:3  | Found a staircase to the Tomb.
 79834 | Crypt:3  | Identified the +3 plate armour of Ignis's Favour {Rampage
                  | rPois Regen+ Dex-5}
 79918 | Crypt:3  | Identified the ring of the Moon {rC+ rN+ Slay+3}
 79918 | Crypt:3  | Identified the ring of Yruugyta {*Slow rN+ Slay+2 Stlth+}
 80648 | Zot:1    | Reached ***** piety under Jiyva
 80879 | Zot:1    | Acquired the staff of fire "Fomev" {Fly rF+}
 81166 | Zot:1    | Identified the +3 shortbow "Killer Klown's Bane"
                  | {antimagic, rC- Int+7 Dex+3}
 81489 | Zot:2    | Gained mutation: Your body has grown eyes which may confuse
                  | attackers. (Acc +3) [Jiyva's grace]
 81489 | Zot:2    | Gained mutation: Your body has grown many eyes which may
                  | confuse attackers. (Acc +5) [Jiyva's grace]
 81489 | Zot:2    | Gained mutation: Your body is covered in eyes which may
                  | confuse attackers. (Acc +7, SInv) [Jiyva's grace]
 81489 | Zot:2    | Gained mutation: You have acidic saliva. [Jiyva's grace]
 81648 | Depths:4 | Voluntarily entered the Abyss.
 81689 | Depths:4 | Escaped the Abyss
 81691 | Depths:4 | Voluntarily entered the Abyss.
 81821 | Abyss:2  | Paralysed by you for 3 turns
 81848 | Abyss:2  | Noticed an ancient lich
 81859 | Abyss:2  | Killed an ancient lich
 82087 | Abyss:3  | Found a corrupted altar of Lugonu.
 82207 | Abyss:3  | Reached ****** piety under Jiyva
 82281 | Abyss:3  | Lost mutation: You are completely covered in iridescent
                  | scales. (AC +6) [Jiyva's grace]
 82281 | Abyss:3  | Lost mutation: You are mostly covered in iridescent scales.
                  | (AC +4) [Jiyva's grace]
 82281 | Abyss:3  | Lost mutation: You have acidic saliva. [Jiyva's grace]
 82281 | Abyss:3  | Lost mutation: Your pliable body absorbs attacks. (AC +2,
                  | EV +2) [Jiyva's grace]
 82281 | Abyss:3  | Gained mutation: You have a small jelly attached to you
                  | that may absorb projectiles. [Jiyva's grace]
 82281 | Abyss:3  | Gained mutation: You possess an exceptional clarity of
                  | mind. [Jiyva's grace]
 82281 | Abyss:3  | Gained mutation: You expend magic power (3 MP) to
                  | strengthen your wands. [Jiyva's grace]
 82281 | Abyss:3  | Gained mutation: You passively dampen the noise of your
                  | surroundings. [Jiyva's grace]
 82316 | Abyss:3  | Found a corrupted altar of Lugonu.
 82373 | Abyss:3  | Was forgiven by Gozag
 82559 | Depths:4 | Escaped the Abyss
 82952 | Slime:5  | Identified the staff of air "Luisett" {rElec rF- Dex+2
                  | SInv}
 82963 | Slime:5  | Identified the staff of poison "Huyrol" {+Blink rPois}
 82973 | Slime:5  | Got a slimy rune of Zot
 82974 | Slime:5  | Identified the ring "Coiplan" {Fly rN+++ Str-3 Int+4 SInv}
 83406 | Depths:4 | Voluntarily entered the Abyss.
 83420 | Abyss:3  | Found a corrupted altar of Lugonu.
 83523 | Abyss:3  | Gained mutation: You are clumsy. (Dex -2) [a neqoxec]
 83680 | Depths:4 | Escaped the Abyss
 83751 | Depths:4 | Voluntarily entered the Abyss.
 83757 | Abyss:3  | Found a corrupted altar of Lugonu.
 83805 | Abyss:3  | Found a corrupted altar of Lugonu.
 83831 | Abyss:3  | Found a corrupted altar of Lugonu.
 83864 | Abyss:3  | Found a corrupted altar of Lugonu.
 84074 | Abyss:3  | Paralysed by you for 5 turns
 84075 | Abyss:3  | Lost mutation: You have a small jelly attached to you that
                  | may absorb projectiles. [a neqoxec]
 84437 | Abyss:3  | Lost mutation: You possess an exceptional clarity of mind.
                  | [Jiyva's grace]
 84437 | Abyss:3  | Lost mutation: Your body is covered in eyes which may
                  | confuse attackers. (Acc +7, SInv) [Jiyva's grace]
 84437 | Abyss:3  | Lost mutation: Your rubbery body absorbs attacks. (AC +1,
                  | EV +1) [Jiyva's grace]
 84437 | Abyss:3  | Gained mutation: You have sharp toenails. [Jiyva's grace]
 84437 | Abyss:3  | Gained mutation: You have razor-sharp toenails. [Jiyva's
                  | grace]
 84437 | Abyss:3  | Gained mutation: You have claws for feet. [Jiyva's grace]
 84437 | Abyss:3  | Gained mutation: You have a somewhat thin skeletal
                  | structure. (Dex +2, Stealth+) [Jiyva's grace]
 84477 | Abyss:3  | Found a corrupted altar of Lugonu.
 84484 | Abyss:3  | Found a corrupted altar of Lugonu.
 84484 | Abyss:3  | Found a corrupted altar of Lugonu.
 84484 | Abyss:3  | Noticed a dread lich
 84503 | Abyss:3  | Killed a dread lich
 84599 | Abyss:3  | Found a corrupted altar of Lugonu.
 84637 | Abyss:3  | Paralysed by accursed screaming for 1 turns
 84641 | Abyss:3  | Paralysed by accursed screaming for 1 turns
 84657 | Abyss:3  | Paralysed by accursed screaming for 1 turns
 84666 | Abyss:3  | Paralysed by accursed screaming for 1 turns
 84729 | Abyss:3  | Noticed an ancient lich
 84738 | Abyss:3  | Killed an ancient lich
 84760 | Abyss:3  | Got an abyssal rune of Zot
 84902 | Depths:4 | Escaped the Abyss
 85032 | Depths:4 | Voluntarily entered the Abyss.
 85032 | Abyss:3  | Found a corrupted altar of Lugonu.
 85035 | Abyss:3  | Found a corrupted altar of Lugonu.
 85096 | Abyss:3  | Noticed a dread lich
 85118 | Abyss:3  | Killed a dread lich
 85151 | Abyss:3  | Gained mutation: Your body sometimes deteriorates upon
                  | taking damage. [a neqoxec]
 85721 | Depths:4 | Escaped the Abyss
 85733 | Depths:4 | Voluntarily entered the Abyss.
 85830 | Depths:4 | Escaped the Abyss
 86135 | Zot:2    | Lost mutation: You are clumsy. (Dex -2) [Jiyva's grace]
 86135 | Zot:2    | Lost mutation: Your body sometimes deteriorates upon taking
                  | damage. [Jiyva's grace]
 86135 | Zot:2    | Lost mutation: You expend magic power (3 MP) to strengthen
                  | your wands. [Jiyva's grace]
 86135 | Zot:2    | Gained mutation: Your melee attacks may engulf your foes in
                  | ooze. [Jiyva's grace]
 86135 | Zot:2    | Gained mutation: Your translucent skin slightly reduces
                  | your foes' accuracy. (Stealth+) [Jiyva's grace]
 86135 | Zot:2    | Gained mutation: Your translucent skin reduces your foes'
                  | accuracy. (Stealth+) [Jiyva's grace]
 86135 | Zot:2    | Gained mutation: Your transparent skin significantly
                  | reduces your foes' accuracy. (Stealth+) [Jiyva's grace]
 88445 | Tomb:1   | Entered Level 1 of the Tomb of the Ancients
 88518 | Tomb:1   | Lost mutation: You have claws for feet. [Jiyva's grace]
 88518 | Tomb:1   | Lost mutation: You are partially covered in iridescent
                  | scales. (AC +2) [Jiyva's grace]
 88518 | Tomb:1   | Lost mutation: Your body has grown many eyes which may
                  | confuse attackers. (Acc +5) [Jiyva's grace]
 88518 | Tomb:1   | Lost mutation: Your transparent skin significantly reduces
                  | your foes' accuracy. (Stealth+) [Jiyva's grace]
 88518 | Tomb:1   | Lost mutation: You passively dampen the noise of your
                  | surroundings. [Jiyva's grace]
 88518 | Tomb:1   | Gained mutation: You are covered in slimy tendrils that may
                  | disarm your opponents. [Jiyva's grace]
 88518 | Tomb:1   | Gained mutation: Your mind is acute. (Int +4, Str/Dex -1)
                  | [Jiyva's grace]
 88518 | Tomb:1   | Gained mutation: Your mind is very acute. (Int +8, Str/Dex
                  | -2) [Jiyva's grace]
 88518 | Tomb:1   | Gained mutation: Your muscles are strong. (Str +4, Int/Dex
                  | -1) [Jiyva's grace]
 88888 | Tomb:1   | Noticed a royal mummy
 88893 | Tomb:1   | Killed a royal mummy
 89654 | Tomb:2   | Noticed a royal mummy
 89654 | Tomb:2   | Noticed a royal mummy
 89654 | Tomb:2   | Noticed a royal mummy
 89655 | Tomb:2   | Noticed a royal mummy
 89663 | Tomb:1   | Killed a royal mummy
 90016 | Depths:2 | Acquired 588 gold pieces
 90038 | Pan      | Entered Pandemonium
 90343 | Pan      | Found a basalt altar of Yredelemnul.
 90378 | Pan      | Noticed Qeereoq the pandemonium lord
 90839 | Pan      | Lost mutation: You have razor-sharp toenails. [Jiyva's
                  | grace]
 90839 | Pan      | Lost mutation: Your mind is very acute. (Int +8, Str/Dex
                  | -2) [Jiyva's grace]
 90839 | Pan      | Lost mutation: Your mind is acute. (Int +4, Str/Dex -1)
                  | [Jiyva's grace]
 90839 | Pan      | Lost mutation: Your muscles are strong. (Str +4, Int/Dex
                  | -1) [Jiyva's grace]
 90839 | Pan      | Gained mutation: You have acidic saliva. [Jiyva's grace]
 90839 | Pan      | Gained mutation: You are partially covered in iridescent
                  | scales. (AC +2) [Jiyva's grace]
 90839 | Pan      | Gained mutation: You are mostly covered in iridescent
                  | scales. (AC +4) [Jiyva's grace]
 90839 | Pan      | Gained mutation: You are completely covered in iridescent
                  | scales. (AC +6) [Jiyva's grace]
 90943 | Pan      | Killed Qeereoq the pandemonium lord
 90951 | Pan      | Got a demonic rune of Zot
 91333 | Pan      | Noticed Pychy the pandemonium lord
 91340 | Pan      | Killed Pychy the pandemonium lord
 91509 | Pan      | Noticed Ignacio
 91521 | Pan      | Killed Ignacio
 92721 | Pan      | Noticed Wutisad the pandemonium lord
 92748 | Pan      | Killed Wutisad the pandemonium lord
 92764 | Depths:2 | Escaped Pandemonium
 92786 | Pan      | Entered the realm of Lom Lobon.
 92786 | Pan      | Entered Pandemonium
 92973 | Pan      | Noticed Lom Lobon
 93082 | Pan      | Lost mutation: You are completely covered in iridescent
                  | scales. (AC +6) [Jiyva's grace]
 93082 | Pan      | Gained mutation: Your transparent skin significantly
                  | reduces your foes' accuracy. (Stealth+) [Jiyva's grace]
 93082 | Pan      | Gained mutation: You are partially covered in large bone
                  | plates. (SH +4) [Jiyva's grace]
 93082 | Pan      | Gained mutation: You are mostly covered in large bone
                  | plates. (SH +6) [Jiyva's grace]
 93082 | Pan      | Gained mutation: You are completely covered in large bone
                  | plates. (SH +8) [Jiyva's grace]
 94103 | Pan      | Killed Lom Lobon
 94110 | Pan      | Got a magical rune of Zot
 94352 | Pan      | Entered the realm of Gloorx Vloq.
 94352 | Pan      | Found an exit through the horrors of the Abyss.
 94929 | Pan      | Noticed Gloorx Vloq
 95778 | Pan      | Killed Gloorx Vloq
 95848 | Pan      | Got a dark rune of Zot
 96223 | Depths:2 | Escaped Pandemonium
 96849 | Pan      | Entered the realm of Cerebov.
 96849 | Pan      | Entered Pandemonium
 96872 | Pan      | Found the +6 sword of Cerebov {flame}
 96872 | Pan      | Noticed Cerebov
 96905 | Pan      | Killed Cerebov
 96984 | Pan      | Identified the amulet of Beauty {Reflect Int+3 Dex+4 SH+5}
 97514 | Pan      | Lost mutation: You have acidic saliva. [Jiyva's grace]
 97514 | Pan      | Lost mutation: Your body has grown eyes which may confuse
                  | attackers. (Acc +3) [Jiyva's grace]
 97514 | Pan      | Lost mutation: Your transparent skin significantly reduces
                  | your foes' accuracy. (Stealth+) [Jiyva's grace]
 97514 | Pan      | Gained mutation: You are completely covered in iridescent
                  | scales. (AC +6) [Jiyva's grace]
 97514 | Pan      | Gained mutation: Your rubbery body absorbs attacks. (AC +1,
                  | EV +1) [Jiyva's grace]
 97514 | Pan      | Gained mutation: Your pliable body absorbs attacks. (AC +2,
                  | EV +2) [Jiyva's grace]
 97514 | Pan      | Gained mutation: Your gelatinous body deflects attacks. (AC
                  | +3, EV +3) [Jiyva's grace]
 97645 | Pan      | Found an exit through the horrors of the Abyss.
 97862 | Pan      | Identified the +7 bardiche "Laapyl" {elec, rPois Will+
                  | Dex+3}
 97882 | Pan      | Identified the +9 quarterstaff of the Dead {holy, Will+
                  | Int+3 Dex+3 Stlth-}
 98021 | Pan      | Identified the +2 great sword "Killer Bee's Regret"
                  | {freeze, Str+6}
 98021 | Pan      | Identified the ring "Furesiap" {Fly EV+5 Int+3 Dex+3}
 98057 | Pan      | Identified the +6 mace of Ciogoxu {heavy, rC+ Stlth+}
 98058 | Pan      | Identified the +4 mace "Goggim" {freeze, rF+ rN++ Int-2}
 98060 | Pan      | Identified the staff of cold "Wogeyheto" {rC+ Will+ Int+3}
 98162 | Pan      | Got the Anthology of Enchanted Distance
 98373 | Pan      | Got a fiery rune of Zot
 98596 | Pan      | Found an exit through the horrors of the Abyss.
 98791 | Pan      | Found an opulent altar of Gozag.
 98797 | Pan      | Found Qajylik's Quality Elixirs.
 98805 | Pan      | Found Qajylik's Infernal Boutique.
 98812 | Pan      | Found an opulent altar of Gozag.
 98822 | Pan      | Found Qajylik's Jewellery Boutique.
 98847 | Pan      | Found an opulent altar of Gozag.
 98909 | Pan      | Found Qajylik's Rarities Stash.
 98909 | Pan      | Noticed Ajuir the pandemonium lord
 98929 | Pan      | Killed Ajuir the pandemonium lord
 99003 | Pan      | Bought a +5 demon trident of electrocution for 1290 gold
                  | pieces
 99304 | Pan      | Bought a potion of magic for 128 gold pieces
 99304 | Pan      | Bought a potion of magic for 128 gold pieces
 99304 | Pan      | Bought a potion of invisibility for 128 gold pieces
 99304 | Pan      | Bought a potion of brilliance for 64 gold pieces
 99304 | Pan      | Bought a potion of invisibility for 128 gold pieces
 99304 | Pan      | Bought a potion of heal wounds for 80 gold pieces
 99646 | Pan      | Lost mutation: Your gelatinous body deflects attacks. (AC
                  | +3, EV +3) [Jiyva's grace]
 99646 | Pan      | Lost mutation: Your translucent skin reduces your foes'
                  | accuracy. (Stealth+) [Jiyva's grace]
 99646 | Pan      | Lost mutation: Your translucent skin slightly reduces your
                  | foes' accuracy. (Stealth+) [Jiyva's grace]
 99646 | Pan      | Lost mutation: You are covered in slimy tendrils that may
                  | disarm your opponents. [Jiyva's grace]
 99646 | Pan      | Lost mutation: Your melee attacks may engulf your foes in
                  | ooze. [Jiyva's grace]
 99646 | Pan      | Gained mutation: Your spells are a little harder to cast,
                  | but a little more powerful. [Jiyva's grace]
 99646 | Pan      | Gained mutation: Your spells are harder to cast, but more
                  | powerful. [Jiyva's grace]
 99646 | Pan      | Gained mutation: Your spells are much harder to cast, but
                  | much more powerful. [Jiyva's grace]
 99646 | Pan      | Gained mutation: You are agile. (Dex +4, Str/Int -1)
                  | [Jiyva's grace]
100030 | Pan      | Reached skill level 27 in Spellcasting
100403 | Pan      | Noticed Veti the pandemonium lord
100420 | Pan      | Killed Veti the pandemonium lord
100598 | Pan      | Found an exit through the horrors of the Abyss.
100882 | Pan      | Entered the realm of Mnoleg.
100968 | Pan      | Gained mutation: You are occasionally teleported next to
                  | monsters. [a cacodemon]
101118 | Pan      | Lost mutation: You are agile. (Dex +4, Str/Int -1) [potion
                  | of mutation]
101118 | Pan      | Lost mutation: Your pliable body absorbs attacks. (AC +2,
                  | EV +2) [potion of mutation]
101118 | Pan      | Lost mutation: Your rubbery body absorbs attacks. (AC +1,
                  | EV +1) [potion of mutation]
101118 | Pan      | Lost mutation: You are occasionally teleported next to
                  | monsters. [potion of mutation]
101138 | Pan      | Gained mutation: Your magical capacity is low. (-10% MP) [a
                  | cacodemon]
101539 | Pan      | Gained mutation: Your body sometimes deteriorates upon
                  | taking damage. [a cacodemon]
101541 | Pan      | Gained mutation: You occasionally lose the ability to drink
                  | potions when taking damage. [a cacodemon]
101819 | Pan      | Lost mutation: You are completely covered in iridescent
                  | scales. (AC +6) [Jiyva's grace]
101819 | Pan      | Lost mutation: You are mostly covered in iridescent scales.
                  | (AC +4) [Jiyva's grace]
101819 | Pan      | Lost mutation: Your magical capacity is low. (-10% MP)
                  | [Jiyva's grace]
101819 | Pan      | Lost mutation: Your spells are much harder to cast, but
                  | much more powerful. [Jiyva's grace]
101819 | Pan      | Lost mutation: Your spells are harder to cast, but more
                  | powerful. [Jiyva's grace]
101819 | Pan      | Lost mutation: Your spells are a little harder to cast, but
                  | a little more powerful. [Jiyva's grace]
101819 | Pan      | Gained mutation: Your muscles are strong. (Str +4, Int/Dex
                  | -1) [Jiyva's grace]
101819 | Pan      | Gained mutation: Your muscles are very strong. (Str +8,
                  | Int/Dex -2) [Jiyva's grace]
101819 | Pan      | Gained mutation: Your mind is acute. (Int +4, Str/Dex -1)
                  | [Jiyva's grace]
101819 | Pan      | Gained mutation: Your mind is very acute. (Int +8, Str/Dex
                  | -2) [Jiyva's grace]
102047 | Pan      | Noticed Mnoleg
102052 | Pan      | Gained mutation: You sometimes lose the ability to drink
                  | potions when taking damage. [a neqoxec]
102411 | Pan      | Gained mutation: Your magical capacity is low. (-10% MP) [a
                  | neqoxec]
102471 | Pan      | Gained mutation: You sometimes lose your temper in combat.
                  | [a cacodemon]
102474 | Pan      | Gained mutation: You are clumsy. (Dex -2) [a cacodemon]
102477 | Pan      | Gained mutation: You do not regenerate when monsters are
                  | visible. [a cacodemon]
102524 | Pan      | Reached skill level 27 in Fighting
102569 | Pan      | Lost mutation: You are partially covered in iridescent
                  | scales. (AC +2) [potion of mutation]
102569 | Pan      | Lost mutation: You are completely covered in large bone
                  | plates. (SH +8) [potion of mutation]
102569 | Pan      | Lost mutation: You have sharp toenails. [potion of
                  | mutation]
102570 | Pan      | Lost mutation: You are mostly covered in large bone plates.
                  | (SH +6) [potion of mutation]
102570 | Pan      | Lost mutation: Your body sometimes deteriorates upon taking
                  | damage. [potion of mutation]
102570 | Pan      | Gained mutation: You have supernaturally acute eyesight.
                  | (SInv) [potion of mutation]
102571 | Pan      | Lost mutation: You do not regenerate when monsters are
                  | visible. [potion of mutation]
102571 | Pan      | Lost mutation: You are clumsy. (Dex -2) [potion of
                  | mutation]
102571 | Pan      | Lost mutation: Your muscles are very strong. (Str +8,
                  | Int/Dex -2) [potion of mutation]
102571 | Pan      | Gained mutation: You are strong-willed. (Will+) [potion of
                  | mutation]
102601 | Pan      | Killed Mnoleg
102628 | Pan      | Lost mutation: Your magical capacity is low. (-10% MP) [a
                  | neqoxec]
102825 | Pan      | Got a glowing rune of Zot
102973 | Pan      | Gained mutation: You occasionally lose the ability to read
                  | scrolls when taking damage. [a neqoxec]
103201 | Pan      | Lost mutation: Your muscles are strong. (Str +4, Int/Dex
                  | -1) [a neqoxec]
103303 | Pan      | Noticed Geddah the pandemonium lord
103373 | Pan      | Killed Geddah the pandemonium lord
103406 | Pan      | HP: 2/199 [Ice Fiend (35)]
104507 | Pan      | Noticed Maher the pandemonium lord
104548 | Pan      | Killed Maher the pandemonium lord
104635 | Pan      | Found an exit through the horrors of the Abyss.
105404 | Pan      | Lost mutation: Your mind is very acute. (Int +8, Str/Dex
                  | -2) [Jiyva's grace]
105404 | Pan      | Lost mutation: You occasionally lose the ability to read
                  | scrolls when taking damage. [Jiyva's grace]
105404 | Pan      | Gained mutation: You have acidic saliva. [Jiyva's grace]
105404 | Pan      | Gained mutation: Your natural rate of healing is unusually
                  | fast. [Jiyva's grace]
105404 | Pan      | Gained mutation: You heal very quickly. [Jiyva's grace]
105404 | Pan      | Gained mutation: You regenerate. [Jiyva's grace]
105914 | Pan      | Noticed Roorchix the pandemonium lord
105950 | Pan      | Killed Roorchix the pandemonium lord
106110 | Pan      | Found an exit through the horrors of the Abyss.
106890 | Pan      | Identified the +3 cloak of the Catamount {+Blink Str+3
                  | Dex+7}
107176 | Pan      | Found a runed translucent door.
107177 | Pan      | Found a runed translucent door.
107181 | Pan      | Found a runed translucent door.
107188 | Pan      | Found a runed translucent door.
107362 | Pan      | Found an exit through the horrors of the Abyss.
107977 | Pan      | Noticed Caac the pandemonium lord
107994 | Pan      | Killed Caac the pandemonium lord
108014 | Pan      | Identified the +1 ring mail "Hudasaw" {rPois}
108315 | Pan      | Noticed Ohaled the pandemonium lord
108327 | Pan      | Killed Ohaled the pandemonium lord
108494 | Pan      | Lost mutation: You have a somewhat thin skeletal structure.
                  | (Dex +2, Stealth+) [Jiyva's grace]
108494 | Pan      | Lost mutation: You sometimes lose your temper in combat.
                  | [Jiyva's grace]
108494 | Pan      | Lost mutation: You sometimes lose the ability to drink
                  | potions when taking damage. [Jiyva's grace]
108494 | Pan      | Lost mutation: You occasionally lose the ability to drink
                  | potions when taking damage. [Jiyva's grace]
108494 | Pan      | Gained mutation: You are covered in slimy tendrils that may
                  | disarm your opponents. [Jiyva's grace]
108494 | Pan      | Gained mutation: Your mind is very acute. (Int +8, Str/Dex
                  | -2) [Jiyva's grace]
108494 | Pan      | Gained mutation: You have a pair of small horns on your
                  | head. [Jiyva's grace]
108494 | Pan      | Gained mutation: You have a pair of horns on your head.
                  | [Jiyva's grace]
109068 | Depths:2 | Escaped Pandemonium
109265 | Pan      | Entered Pandemonium
109505 | Pan      | Noticed Atiang the pandemonium lord
109515 | Pan      | Killed Atiang the pandemonium lord
110193 | Depths:2 | Escaped Pandemonium
110329 | Vaults:1 | Bought +2 fire dragon scales for 936 gold pieces
110493 | Pan      | Entered Pandemonium
110613 | Pan      | Found a huge runed translucent gate.
110619 | Pan      | Found a huge runed translucent gate.
110620 | Pan      | Found a huge runed translucent gate.
110620 | Pan      | Found a huge runed translucent gate.
110620 | Pan      | Found a huge runed translucent gate.
110624 | Pan      | Found a huge runed translucent gate.
110625 | Pan      | Found a huge runed translucent gate.
110836 | Pan      | Lost mutation: You are partially covered in large bone
                  | plates. (SH +4) [Jiyva's grace]
110836 | Pan      | Gained mutation: Your spells are a little harder to cast,
                  | but a little more powerful. [Jiyva's grace]
110836 | Pan      | Gained mutation: Your spells are harder to cast, but more
                  | powerful. [Jiyva's grace]
110836 | Pan      | Gained mutation: Your spells are much harder to cast, but
                  | much more powerful. [Jiyva's grace]
110836 | Pan      | Gained mutation: Your body has grown eyes which may confuse
                  | attackers. (Acc +3) [Jiyva's grace]
110849 | Pan      | Identified the ring "Zounkuomud" {rF- MP+9 Str+4}
111602 | Pan      | Noticed Arphemn the pandemonium lord
111624 | Pan      | Killed Arphemn the pandemonium lord
111902 | Pan      | Found a white marble altar of Elyvilon.
112903 | Pan      | Found a glowing silver altar of Zin.
113136 | Pan      | Identified the +6 spear "Ogreslayer" {chaos, rPois rF+++
                  | Str-4 Dex-3}
113206 | Pan      | Identified the +2 ring mail of the Disbelieving Gods {-Cast
                  | +Blink Fly Dex-4}
113474 | Pan      | Noticed a seraph
113484 | Pan      | Killed a seraph
113487 | Pan      | Found a glowing golden altar of the Shining One.
113983 | Depths:2 | Escaped Pandemonium
113987 | Pan      | Entered Pandemonium
114036 | Pan      | Found an exit through the horrors of the Abyss.
114089 | Pan      | Lost mutation: You are strong-willed. (Will+) [Jiyva's
                  | grace]
114089 | Pan      | Lost mutation: Your spells are much harder to cast, but
                  | much more powerful. [Jiyva's grace]
114089 | Pan      | Gained mutation: Your spells are much harder to cast, but
                  | much more powerful. [Jiyva's grace]
114089 | Pan      | Gained mutation: Your body has grown many eyes which may
                  | confuse attackers. (Acc +5) [Jiyva's grace]
114089 | Pan      | Gained mutation: Your body is covered in eyes which may
                  | confuse attackers. (Acc +7, SInv) [Jiyva's grace]
114089 | Pan      | Gained mutation: Your rubbery body absorbs attacks. (AC +1,
                  | EV +1) [Jiyva's grace]
114227 | Pan      | Gained mutation: You are frail. (-10% HP) [a cacodemon]
114456 | Pan      | Noticed Pumej the pandemonium lord
114467 | Pan      | Killed Pumej the pandemonium lord
114577 | Pan      | Lost mutation: Your mind is very acute. (Int +8, Str/Dex
                  | -2) [a neqoxec]
114949 | Pan      | Noticed Jebaisum the pandemonium lord
114962 | Pan      | Killed Jebaisum the pandemonium lord
115769 | Pan      | Gained mutation: Your magical capacity is low. (-10% MP) [a
                  | neqoxec]
116450 | Pan      | Lost mutation: You have a pair of horns on your head.
                  | [Jiyva's grace]
116450 | Pan      | Lost mutation: You have a pair of small horns on your head.
                  | [Jiyva's grace]
116450 | Pan      | Lost mutation: You have supernaturally acute eyesight.
                  | (SInv) [Jiyva's grace]
116450 | Pan      | Lost mutation: You are frail. (-10% HP) [Jiyva's grace]
116450 | Pan      | Lost mutation: You regenerate. [Jiyva's grace]
116450 | Pan      | Lost mutation: Your spells are much harder to cast, but
                  | much more powerful. [Jiyva's grace]
116450 | Pan      | Lost mutation: You are covered in slimy tendrils that may
                  | disarm your opponents. [Jiyva's grace]
116450 | Pan      | Gained mutation: You have a pair of small horns on your
                  | head. [Jiyva's grace]
116450 | Pan      | Gained mutation: You have a pair of horns on your head.
                  | [Jiyva's grace]
116450 | Pan      | Gained mutation: You have a pair of large horns on your
                  | head. [Jiyva's grace]
116450 | Pan      | Gained mutation: Your flesh is cold resistant. (rC+)
                  | [Jiyva's grace]
116458 | Pan      | Gained mutation: Armour fits poorly on your strangely
                  | shaped body. [a neqoxec]
116461 | Pan      | Gained mutation: You occasionally lose the ability to drink
                  | potions when taking damage. [a neqoxec]
116479 | Pan      | Reached skill level 27 in Summonings
116587 | Pan      | Noticed Zosaghac the pandemonium lord
116600 | Pan      | Killed Zosaghac the pandemonium lord
116772 | Pan      | Found an exit through the horrors of the Abyss.
117160 | Pan      | Noticed Opsa the pandemonium lord
117171 | Pan      | Killed Opsa the pandemonium lord
117290 | Pan      | Lost mutation: Your mind is acute. (Int +4, Str/Dex -1) [a
                  | neqoxec]
117322 | Pan      | Found an exit through the horrors of the Abyss.
117685 | Pan      | Noticed Givoal the pandemonium lord
117705 | Pan      | Killed Givoal the pandemonium lord
117978 | Pan      | Gained mutation: You occasionally shout uncontrollably at
                  | your foes. [a neqoxec]
118098 | Pan      | Lost mutation: Armour fits poorly on your strangely shaped
                  | body. [Jiyva's grace]
118098 | Pan      | Lost mutation: Your spells are harder to cast, but more
                  | powerful. [Jiyva's grace]
118098 | Pan      | Lost mutation: Your body is covered in eyes which may
                  | confuse attackers. (Acc +7, SInv) [Jiyva's grace]
118098 | Pan      | Lost mutation: Your body has grown many eyes which may
                  | confuse attackers. (Acc +5) [Jiyva's grace]
118098 | Pan      | Lost mutation: You occasionally lose the ability to drink
                  | potions when taking damage. [Jiyva's grace]
118098 | Pan      | Gained mutation: Your translucent skin slightly reduces
                  | your foes' accuracy. (Stealth+) [Jiyva's grace]
118098 | Pan      | Gained mutation: Your translucent skin reduces your foes'
                  | accuracy. (Stealth+) [Jiyva's grace]
118098 | Pan      | Gained mutation: Your transparent skin significantly
                  | reduces your foes' accuracy. (Stealth+) [Jiyva's grace]
118098 | Pan      | Gained mutation: You are partially covered in large bone
                  | plates. (SH +4) [Jiyva's grace]
118404 | Pan      | Lost mutation: You have acidic saliva. [a neqoxec]
118518 | Pan      | Found a runed translucent door.
118885 | Pan      | Found an exit through the horrors of the Abyss.
119206 | Pan      | Noticed Saunyr the pandemonium lord
119223 | Pan      | Killed Saunyr the pandemonium lord
119703 | Pan      | Noticed Xigif the pandemonium lord
119712 | Pan      | Killed Xigif the pandemonium lord
119713 | Pan      | Reached skill level 27 in Dodging
119881 | Pan      | Gained mutation: You sometimes lose your temper in combat.
                  | [a neqoxec]
119882 | Pan      | Gained mutation: You are frail. (-10% HP) [a neqoxec]
119904 | Pan      | Gained mutation: You are weak. (Str -2) [a neqoxec]
120058 | Pan      | Found an exit through the horrors of the Abyss.
120269 | Pan      | Identified the ring "Validyu" {rF+++ rCorr Int-2 Dex+6
                  | SInv}
120506 | Pan      | Lost mutation: You have a pair of large horns on your head.
                  | [Jiyva's grace]
120506 | Pan      | Lost mutation: You occasionally shout uncontrollably at
                  | your foes. [Jiyva's grace]
120506 | Pan      | Lost mutation: Your transparent skin significantly reduces
                  | your foes' accuracy. (Stealth+) [Jiyva's grace]
120506 | Pan      | Gained mutation: You have a small jelly attached to you
                  | that may absorb projectiles. [Jiyva's grace]
120506 | Pan      | Gained mutation: You passively dampen the noise of your
                  | surroundings. [Jiyva's grace]
120506 | Pan      | Gained mutation: You have a small jelly attached to you
                  | that senses nearby items. [Jiyva's grace]
120506 | Pan      | Gained mutation: You are somewhat resistant to further
                  | mutation. [Jiyva's grace]
120559 | Pan      | Lost mutation: You have a small jelly attached to you that
                  | senses nearby items. [potion of mutation]
120559 | Pan      | Lost mutation: You have a pair of horns on your head.
                  | [potion of mutation]
120565 | Pan      | Upgraded the game from 0.30-b1-2-g02819fbbbe to 0.30.2
121017 | Pan      | Identified the +6 scale mail of the Wasteland {-Tele rC+
                  | Str+4 Slay+5}
121550 | Pan      | Noticed Wuppotic the pandemonium lord
121563 | Pan      | Killed Wuppotic the pandemonium lord
121573 | Pan      | Got the Notes on Evil Direction
122203 | Pan      | Noticed Leokuwen the pandemonium lord
122214 | Pan      | Killed Leokuwen the pandemonium lord
122233 | Pan      | Identified the +5 plate armour "Askufeam" {Stlth+}
122435 | Pan      | Lost mutation: You sometimes lose your temper in combat.
                  | [Jiyva's grace]
122435 | Pan      | Lost mutation: You heal very quickly. [Jiyva's grace]
122435 | Pan      | Lost mutation: Your spells are a little harder to cast, but
                  | a little more powerful. [Jiyva's grace]
122435 | Pan      | Lost mutation: Your body has grown eyes which may confuse
                  | attackers. (Acc +3) [Jiyva's grace]
122435 | Pan      | Lost mutation: Your translucent skin reduces your foes'
                  | accuracy. (Stealth+) [Jiyva's grace]
122435 | Pan      | Lost mutation: Your translucent skin slightly reduces your
                  | foes' accuracy. (Stealth+) [Jiyva's grace]
122435 | Pan      | Lost mutation: You passively dampen the noise of your
                  | surroundings. [Jiyva's grace]
122435 | Pan      | Gained mutation: Your spells are a little harder to cast,
                  | but a little more powerful. [Jiyva's grace]
122435 | Pan      | Gained mutation: Your spells are harder to cast, but more
                  | powerful. [Jiyva's grace]
122435 | Pan      | Gained mutation: Your spells are much harder to cast, but
                  | much more powerful. [Jiyva's grace]
122435 | Pan      | Gained mutation: You are covered in slimy tendrils that may
                  | disarm your opponents. [Jiyva's grace]
122620 | Depths:2 | Escaped Pandemonium
122681 | Hell     | Entered the Vestibule of Hell
122681 | Hell     | Noticed Geryon
122791 | Hell     | Noticed an ancient lich
122898 | Depths:2 | Killed an ancient lich
122987 | Hell     | Killed Geryon
123015 | Hell     | Found a gateway to the decaying netherworld of Tartarus.
123043 | Hell     | Found a gateway to the ashen valley of Gehenna.
123128 | Hell     | Found a gateway to the freezing wastes of Cocytus.
123218 | Hell     | Found a gateway to the Iron City of Dis.
123456 | Tar:1    | Entered Level 1 of Tartarus
123676 | Tar:2    | Noticed an ancient lich
123697 | Tar:2    | Killed an ancient lich
123717 | Tar:2    | Reached skill level 27 in Shields
123720 | Tar:2    | Reached skill level 1 in Fire Magic
124073 | Tar:3    | Reached skill level 5 in Fire Magic
124402 | Tar:4    | Noticed a dread lich
124589 | Hell     | Killed a dread lich
124774 | Tar:4    | Reached skill level 10 in Fire Magic
124899 | Tar:4    | You are sucked into a shaft and drop 2 floors!
125107 | Tar:6    | Lost mutation: You are frail. (-10% HP) [Jiyva's grace]
125107 | Tar:6    | Lost mutation: Your spells are much harder to cast, but
                  | much more powerful. [Jiyva's grace]
125107 | Tar:6    | Gained mutation: You are partially covered in iridescent
                  | scales. (AC +2) [Jiyva's grace]
125107 | Tar:6    | Gained mutation: You are mostly covered in iridescent
                  | scales. (AC +4) [Jiyva's grace]
125107 | Tar:6    | Gained mutation: You are completely covered in iridescent
                  | scales. (AC +6) [Jiyva's grace]
125107 | Tar:6    | Lost mutation: You are somewhat resistant to further
                  | mutation. [Jiyva's grace]
125107 | Tar:6    | Gained mutation: You have hidden genetic potential.
                  | [Jiyva's grace]
125248 | Tar:7    | Entered Level 7 of Tartarus
125467 | Tar:7    | Noticed a dread lich
125476 | Tar:7    | Killed a dread lich
125816 | Tar:7    | Noticed a dread lich
125817 | Tar:7    | Noticed an ancient lich
125824 | Tar:7    | Killed a dread lich
125829 | Tar:7    | Killed an ancient lich
125832 | Tar:7    | Identified the staff of fire "Kynnam" {rF+ Dex+2}
125901 | Tar:7    | Reached skill level 15 in Fire Magic
126015 | Tar:7    | Identified the +0 chain mail "Oblez" {rN++ MP+9 Slay-2
                  | Stlth+}
126369 | Tar:7    | Identified the +9 ice dragon scales "Laqel" {rPois rF- rC++
                  | Int+2 SInv}
126467 | Tar:7    | Identified the +7 rapier "Giant's Foe" {freeze, Str+3
                  | Dex-5}
126608 | Tar:7    | Noticed a dread lich
126619 | Tar:7    | Killed a dread lich
126665 | Tar:7    | Noticed a dread lich
126666 | Tar:7    | Noticed Ereshkigal
126684 | Tar:7    | Paralysed by Ereshkigal for 5 turns
126698 | Tar:7    | Killed Ereshkigal
126700 | Tar:7    | Gained mutation: You have a pair of horns on your head.
                  | [hidden potential]
126705 | Tar:7    | Killed a dread lich
126931 | Tar:7    | Got a bone rune of Zot
127199 | Coc:1    | Entered Level 1 of Cocytus
127201 | Coc:1    | Paralysed by a wendigo for 1 turns
127468 | Coc:4    | Lost mutation: You are completely covered in iridescent
                  | scales. (AC +6) [Jiyva's grace]
127468 | Coc:4    | Lost mutation: Your magical capacity is low. (-10% MP)
                  | [Jiyva's grace]
127468 | Coc:4    | Lost mutation: You are weak. (Str -2) [Jiyva's grace]
127468 | Coc:4    | Lost mutation: Your spells are harder to cast, but more
                  | powerful. [Jiyva's grace]
127468 | Coc:4    | Gained mutation: Armour fits poorly on your pseudopods.
                  | [Jiyva's grace]
127468 | Coc:4    | Gained mutation: Armour fits poorly on your large
                  | pseudopods. [Jiyva's grace]
127468 | Coc:4    | Gained mutation: Armour fits poorly on your massive
                  | pseudopods. [Jiyva's grace]
127468 | Coc:4    | Gained mutation: You have large cloven feet. [Jiyva's
                  | grace]
127730 | Coc:7    | Entered Level 7 of Cocytus
127771 | Coc:7    | Learned a level 8 spell: Ignition
127920 | Coc:7    | Paralysed by a wendigo for 1 turns
127923 | Coc:7    | Noticed the Serpent of Hell
127933 | Coc:7    | Killed the Serpent of Hell
128152 | Coc:7    | Paralysed by a wendigo for 1 turns
128238 | Coc:7    | Paralysed by a wendigo for 1 turns
128266 | Coc:7    | Paralysed by a wendigo for 1 turns
128388 | Coc:7    | Paralysed by a wendigo for 1 turns
128395 | Coc:7    | Gained mutation: You are robust. (+10% HP) [hidden
                  | potential]
128395 | Coc:7    | Lost mutation: You have hidden genetic potential. [hidden
                  | potential expressed]
128851 | Coc:7    | Identified the +6 spear "Selujeel" {flame, rElec Int+5}
128851 | Coc:7    | Noticed Antaeus
128881 | Coc:7    | Killed Antaeus
128888 | Coc:7    | Got Sif Muna's Quarto of Superposition and Nephomancy
128892 | Coc:7    | Got an icy rune of Zot
128894 | Coc:7    | Got Hiplucoc's Discourse on Spellbinding
129033 | Geh:1    | Entered Level 1 of Gehenna
129089 | Geh:1    | You are sucked into a shaft and drop 1 floor!
130582 | Geh:6    | Noticed an ancient lich
130600 | Hell     | Killed an ancient lich
131447 | Depths:3 | Voluntarily entered the Abyss.
131502 | Abyss:4  | Lost mutation: You have large cloven feet. [Jiyva's grace]
131502 | Abyss:4  | Lost mutation: You are mostly covered in iridescent scales.
                  | (AC +4) [Jiyva's grace]
131502 | Abyss:4  | Lost mutation: Your rubbery body absorbs attacks. (AC +1,
                  | EV +1) [Jiyva's grace]
131502 | Abyss:4  | Lost mutation: Armour fits poorly on your massive
                  | pseudopods. [Jiyva's grace]
131502 | Abyss:4  | Gained mutation: You are very robust. (+20% HP) [Jiyva's
                  | grace]
131502 | Abyss:4  | Gained mutation: You are extremely robust. (+30% HP)
                  | [Jiyva's grace]
131502 | Abyss:4  | Gained mutation: Armour fits poorly on your massive
                  | pseudopods. [Jiyva's grace]
131502 | Abyss:4  | Gained mutation: You have acidic saliva. [Jiyva's grace]
131543 | Depths:3 | Escaped the Abyss
131712 | Depths:3 | Voluntarily entered the Abyss.
131916 | Abyss:4  | Paralysed by accursed screaming for 1 turns
131974 | Depths:3 | Escaped the Abyss
132061 | Pan      | Entered Pandemonium
132061 | Pan      | Found an exit through the horrors of the Abyss.
132090 | Pan      | Noticed Miatres the pandemonium lord
132136 | Pan      | Killed Miatres the pandemonium lord
132886 | Pan      | Found an exit through the horrors of the Abyss.
133056 | Pan      | Noticed Udwirit the pandemonium lord
133109 | Pan      | Identified the +1 chain mail of Mohuerph {rC+}
133133 | Pan      | Reached skill level 27 in Fire Magic
133206 | Pan      | Reached skill level 1 in Evocations
133386 | Pan      | Killed Udwirit the pandemonium lord
133503 | Pan      | Identified the staff of earth "Ziowous" {Str+3}
133675 | Pan      | Identified the +4 broad axe of the Supporting Puffin {elec,
                  | rC- rCorr Int+4}
133746 | Pan      | Lost mutation: You have a pair of horns on your head.
                  | [Jiyva's grace]
133746 | Pan      | Lost mutation: You are extremely robust. (+30% HP) [Jiyva's
                  | grace]
133746 | Pan      | Lost mutation: Your spells are a little harder to cast, but
                  | a little more powerful. [Jiyva's grace]
133746 | Pan      | Lost mutation: Armour fits poorly on your massive
                  | pseudopods. [Jiyva's grace]
133746 | Pan      | Lost mutation: You are covered in slimy tendrils that may
                  | disarm your opponents. [Jiyva's grace]
133746 | Pan      | Gained mutation: Your flesh is heat resistant. (rF+)
                  | [Jiyva's grace]
133746 | Pan      | Gained mutation: Your flesh is very heat resistant. (rF++)
                  | [Jiyva's grace]
133746 | Pan      | Gained mutation: Your flesh is almost immune to the effects
                  | of heat. (rF+++) [Jiyva's grace]
133746 | Pan      | Gained mutation: Armour fits poorly on your massive
                  | pseudopods. [Jiyva's grace]
133762 | Depths:2 | Escaped Pandemonium
134056 | Geh:7    | Entered Level 7 of Gehenna
134066 | Geh:7    | Reached skill level 5 in Evocations
134568 | Geh:7    | Identified the ring "Zuyp" {Drain rPois rF+++ rN+ Dex+6}
134569 | Geh:7    | Found the +13 sceptre of Asmodeus
134569 | Geh:7    | Identified the ring "Back" {rC+ MP+9}
134569 | Geh:7    | Noticed Asmodeus
134734 | Geh:7    | Killed Asmodeus
134824 | Geh:7    | Identified the +6 trident "Naateaf" {heavy, rF+ Int+3}
134833 | Geh:7    | Got an obsidian rune of Zot
134963 | Dis:1    | Entered Level 1 of the Iron City of Dis
135043 | Dis:1    | Reached skill level 10 in Evocations
135399 | Dis:3    | Noticed a juggernaut
135415 | Dis:3    | Killed a juggernaut
136197 | Dis:6    | Reached skill level 15 in Evocations
136378 | Dis:7    | Entered Level 7 of the Iron City of Dis
136437 | Dis:7    | Lost mutation: Your flesh is almost immune to the effects
                  | of heat. (rF+++) [Jiyva's grace]
136437 | Dis:7    | Lost mutation: You have acidic saliva. [Jiyva's grace]
136437 | Dis:7    | Lost mutation: Armour fits poorly on your massive
                  | pseudopods. [Jiyva's grace]
136437 | Dis:7    | Lost mutation: You have a small jelly attached to you that
                  | may absorb projectiles. [Jiyva's grace]
136437 | Dis:7    | Gained mutation: Your flesh is almost immune to the effects
                  | of heat. (rF+++) [Jiyva's grace]
136437 | Dis:7    | Gained mutation: You heal very quickly. [Jiyva's grace]
136437 | Dis:7    | Gained mutation: You regenerate. [Jiyva's grace]
136437 | Dis:7    | Gained mutation: You have hidden genetic potential.
                  | [Jiyva's grace]
136845 | Dis:7    | Noticed an ancient lich
136855 | Dis:7    | Killed an ancient lich
136970 | Dis:7    | Noticed a juggernaut
136978 | Dis:7    | Killed a juggernaut
137020 | Dis:7    | Got the Teachings on Burning
137024 | Dis:7    | Identified the +8 trident of Cyshuerph {flame, rF+++ rN++
                  | Int-4}
137057 | Dis:7    | Identified the +1 robe "Tanengem" {+Blink Str+2 Int+8
                  | Stlth+}
138068 | Dis:7    | Noticed a juggernaut
138077 | Dis:7    | Killed a juggernaut
138497 | Dis:7    | Noticed Dispater
138544 | Dis:7    | Killed Dispater
138624 | Dis:7    | Got an iron rune of Zot
140570 | Tomb:2   | Killed a royal mummy
140571 | Tomb:2   | Reached skill level 15 in Polearms
140582 | Tomb:2   | Killed a royal mummy
140608 | Tomb:2   | Killed a royal mummy
140909 | Tomb:2   | Identified the +1 helmet of Plasticity {Int+3}
141141 | Tomb:1   | Noticed a royal mummy
141141 | Tomb:1   | Noticed a royal mummy
141141 | Tomb:1   | Noticed a royal mummy
141164 | Tomb:1   | Gained mutation: Your flesh is very cold resistant. (rC++)
                  | [hidden potential]
141285 | Tomb:1   | Killed a royal mummy
141288 | Tomb:1   | Killed a royal mummy
141321 | Tomb:1   | Noticed a royal mummy
141321 | Tomb:1   | Noticed a royal mummy
141325 | Tomb:1   | Killed a royal mummy
141325 | Tomb:1   | Killed a royal mummy
141327 | Tomb:1   | Killed a royal mummy
141386 | Tomb:1   | Noticed a royal mummy
141392 | Tomb:1   | Noticed a royal mummy
141396 | Tomb:1   | Killed a royal mummy
141403 | Tomb:1   | Killed a royal mummy
141411 | Tomb:1   | Noticed a royal mummy
141413 | Tomb:1   | Noticed a royal mummy
141419 | Tomb:1   | Killed a royal mummy
141462 | Tomb:1   | Killed a royal mummy
141463 | Tomb:1   | Noticed a royal mummy
141468 | Tomb:1   | Killed a royal mummy
141552 | Tomb:1   | Noticed a royal mummy
141554 | Tomb:1   | Noticed a royal mummy
141569 | Tomb:1   | Killed a royal mummy
141571 | Tomb:1   | Killed a royal mummy
141576 | Tomb:1   | Noticed a royal mummy
141609 | Tomb:1   | Killed a royal mummy
141614 | Tomb:1   | Noticed a royal mummy
141624 | Tomb:1   | Gained mutation: You occasionally shout uncontrollably at
                  | your foes. [mutagenic glow]
141642 | Tomb:1   | Lost mutation: You are very robust. (+20% HP) [mutagenic
                  | glow]
141653 | Tomb:1   | Killed a royal mummy
141675 | Tomb:1   | Gained mutation: Your magical capacity is low. (-10% MP)
                  | [mutagenic glow]
141841 | Tomb:1   | Lost mutation: You have a pair of small horns on your head.
                  | [Jiyva's grace]
141841 | Tomb:1   | Lost mutation: You are partially covered in iridescent
                  | scales. (AC +2) [Jiyva's grace]
141841 | Tomb:1   | Lost mutation: Your magical capacity is low. (-10% MP)
                  | [Jiyva's grace]
141841 | Tomb:1   | Gained mutation: You have very sharp teeth. [Jiyva's grace]
141841 | Tomb:1   | Gained mutation: You have extremely sharp teeth. [Jiyva's
                  | grace]
141841 | Tomb:1   | Gained mutation: You have razor-sharp teeth. [Jiyva's
                  | grace]
141841 | Tomb:1   | Gained mutation: You expend magic power (3 MP) to
                  | strengthen your wands. [Jiyva's grace]
141848 | Tomb:1   | Noticed a royal mummy
141862 | Tomb:1   | Killed a royal mummy
141896 | Tomb:1   | Noticed a royal mummy
141917 | Tomb:1   | Noticed a royal mummy
141923 | Tomb:1   | Killed a royal mummy
141928 | Tomb:1   | Killed a royal mummy
141938 | Tomb:1   | Noticed a royal mummy
142009 | Tomb:1   | Killed a royal mummy
142037 | Tomb:1   | Noticed a royal mummy
142043 | Tomb:1   | Noticed a royal mummy
142050 | Tomb:1   | Noticed a royal mummy
142050 | Tomb:1   | Noticed a royal mummy
142239 | Tomb:1   | Killed a royal mummy
142253 | Tomb:1   | Killed a royal mummy
142265 | Tomb:1   | Killed a royal mummy
142317 | Tomb:1   | Killed a royal mummy
142506 | Tomb:3   | Entered Level 3 of the Tomb of the Ancients
142523 | Tomb:3   | Noticed a royal mummy
142525 | Tomb:3   | Noticed a royal mummy
142526 | Tomb:3   | Killed a royal mummy
142527 | Tomb:3   | Killed a royal mummy
142539 | Tomb:3   | Noticed a royal mummy
142547 | Tomb:3   | Killed a royal mummy
142547 | Tomb:3   | Noticed a royal mummy
142558 | Tomb:3   | Killed a royal mummy
142601 | Tomb:3   | Found the +10 dark maul {heavy}
142655 | Tomb:3   | Found the +7 mace of Variability {chaos, chaos arc}
142670 | Tomb:3   | Identified the ring of Enan Edd {+Blink rPois rN++ rCorr
                  | Int-3}
142671 | Tomb:3   | Identified the ring "Lugerch" {rC+ AC+4 Str-4 Dex+4}
142675 | Tomb:3   | Identified the +3 scale mail of the Arena {+Inv rPois rF-
                  | Str+5}
142684 | Tomb:3   | Identified the +0 morningstar of Ywyudd {flame, *Rage rC+
                  | Str+3}
142718 | Tomb:3   | Identified the staff of death "Louqucirr" {rElec rN+}
142768 | Tomb:3   | Noticed a royal mummy
142777 | Tomb:3   | Killed a royal mummy
142789 | Tomb:3   | Noticed a royal mummy
142805 | Tomb:3   | Killed a royal mummy
142992 | Tomb:3   | Noticed a royal mummy
143002 | Tomb:3   | Killed a royal mummy
143081 | Tomb:3   | Gained mutation: You have a pair of small horns on your
                  | head. [hidden potential]
143081 | Tomb:3   | Lost mutation: You have hidden genetic potential. [hidden
                  | potential expressed]
143113 | Tomb:3   | Noticed a royal mummy
143123 | Tomb:3   | Noticed Khufu
143128 | Tomb:3   | Killed Khufu
143165 | Tomb:3   | Killed a royal mummy
143396 | Tomb:3   | Got a golden rune of Zot
144322 | Zot:5    | Found a transporter.
144328 | Zot:5    | Found a transporter.
144343 | Zot:5    | Found a transporter.
144464 | Zot:5    | Noticed an ancient lich
144485 | Zot:5    | Killed an ancient lich
144636 | Zot:5    | Noticed an orb of fire
144646 | Zot:5    | Killed an orb of fire
144671 | Zot:5    | Noticed an ancient lich
144677 | Zot:5    | Killed an ancient lich
144860 | Zot:5    | Noticed a dread lich
144867 | Zot:5    | Killed a dread lich
144883 | Zot:5    | Noticed an ancient lich
144883 | Zot:5    | Noticed a dread lich
144883 | Zot:5    | Noticed an orb of fire
144890 | Zot:5    | Killed a dread lich
144895 | Zot:5    | a Killer Klown changed into a juggernaut
144895 | Zot:5    | Noticed a juggernaut
144897 | Zot:5    | Killed an ancient lich
144906 | Zot:5    | Killed a juggernaut
144907 | Zot:5    | Killed an orb of fire
144992 | Zot:5    | Gained mutation: Your body sometimes deteriorates upon
                  | taking damage. [mutagenic glow]
145007 | Zot:5    | Gained mutation: You are dopey. (Int -2) [mutagenic glow]
145019 | Zot:5    | Gained mutation: You are weak. (Str -2) [mutagenic glow]
145062 | Zot:5    | Lost mutation: You regenerate. [mutagenic glow]
145257 | Zot:5    | Found a transporter.
145422 | Zot:5    | Got the Orb of Zot
145533 | Zot:1    | Noticed Juett the pandemonium lord
145622 | Depths:3 | Noticed Xeraim the pandemonium lord
145736 | D:12     | Noticed Faoc the pandemonium lord
145941 | D:1      | Noticed Qopsefud the pandemonium lord
145963 | D:$      | Escaped with the Orb!

Illustrated notes

Levels and vault maps discovered:
D:1:      dpeg_arrival_rooms_with_view, layout_rooms
D:2:      layout_loops_cross, uniq_jessica, uniq_sigmund
D:3:      layout_basic, gammafunk_temple_overflow_pools, serial_shops, shop
D:4:      kennysheep_slugbush, layout_basic, lemuel_tele_altar,
          nicolae_qazlal_style_of_elements, kennysheep_cross_room
D:5:      layout_basic, nicolae_overflow_hidden_temple, fedhas_altar_3,
          kennysheep_mini_moat
D:6:      layout_basic
D:7:      gammafunk_wand_slinger, layout_basic, lightli_temple_of_fire,
          nicolae_ashenzari_skybound, minmay_temple_entry_statues_pillars,
          uniq_duvessa, uniq_menkaure, uniq_maggie
D:8:      layout_cave_pools, xom_teletrap_fun, lair_entry_dummy,
          serial_gnoll_camp, gnoll_camp_mini_hut, gnoll_camp_mini_shop,
          gnoll_camp_medium_02, gnoll_camp_medium_01, uniq_erica
D:9:      kennysheep_housing_project, layout_irregular_city, orc_0_dummy,
          uniq_maurice, uniq_psyche, uniq_pikel, uniq_amaemon
D:10:     layout_basic, lemuel_coloured_pillars_altar, old_standard_altar,
          nicolae_sif_muna_little_library, enter_bailey_2
D:11:     layout_cross
D:12:     layout_loops_ring
D:13:     kennysheep_kobold_lugonu_temple, layout_loops_ring, erik_vaults_1
D:14:     layout_loops_ring, minmay_tree_intersection, wad_scary_box
D:15:     grunt_enter_depths_magical_seal, layout_basic,
          portal_ice_cave_entry_pillars_three, nemelex_lonely_heart_becter,
          hangedman_decor_peaks_small, kennysheep_flooded_box, st_stairs_4,
          corexii_checkpoint_a
Temple:   nicolae_temple_cloud_nine
Lair:1:   layout_concentric_octagons, serial_bayou_shore_b, lemuel_fruit_fields,
          grunt_megastairs_3, serial_bayou_shore_b
Lair:2:   layout_small_grid, nicolae_snake_entry_squirm, gauntlet_entry_generic,
          infiniplex_staircase_pool_2, uniq_urug
Lair:3:   layout_long_grid, skrybe_swamp_entry_bodies,
          grunt_forest_large_clearing_hut
Lair:4:   layout_cave_shapes, slime_entry_1, gammafunk_ghost_ooze,
          grunt_megastairs_1, serial_bayou_shore_a, uniq_josephine, uniq_nessos
Lair:5:   minmay_lair_end_enchanted_forest, layout_gridlike, uniq_rupert
Swamp:1:  layout_basic_swamp, nicolae_swamp_ascending_descending_big,
          hangedman_swamp_lotus, swamp_pool1
Swamp:2:  layout_basic_swamp, evilmike_swamp_ruin_rubble_1,
          infiniplex_staircase_pool
Swamp:3:  layout_falls_marsh, evilmike_swamp_ruin_house_1,
          hangedman_swamp_ravenous
Swamp:4:  swamp_vile, layout_basic_swamp
Snake:1:  layout_honeycomb
Snake:2:  layout_grid_maze, serial_shops, nicolae_lakefront_shop, uniq_vashnia
Snake:3:  layout_onion, uniq_donald
Snake:4:  hellmonk_snake_rune_quicksilver_temple, layout_rooms, st_stairs_5,
          minmay_shop_star
Slime:1:  layout_caves
Slime:2:  layout_caves
Slime:3:  layout_caves
Slime:4:  layout_caves
Slime:5
Orc:1:    layout_caves, basic_altar, gammafunk_ghost_arena
Orc:2:    grunt_orc_community_town_hall, layout_caves,
          grunt_orc_community_big_house_2, grunt_orc_community_big_house_2,
          grunt_orc_community_house_2, grunt_orc_community_house_2,
          grunt_orc_community_house_1, grunt_orc_community_house_1,
          grunt_orc_community_house_1, grunt_orc_community_house_3
Elf:1:    elf_arrival_001, layout_geoelf_diagonals, evilmike_minifort,
          uniq_agnes
Elf:2:    elven_hall_of_blades_hangedman_alternative
          [nicolae_blade_entry_hurt_lockers], layout_loops_corners,
          serial_shops, shop, nicolae_shop_behind_doors, uniq_azrael
Elf:3:    minmay_elf_hall_x, layout_loops_corners
Vaults:1: infiniplex_enter_wizlab_water, hangedman_vaults_hard_town_square,
          ontoclasm_vaults_chip, vaults_mumra_chevron, nicolae_vaults_diamond_1,
          vaults_mumra_minichess_inversion, nicolae_vaults_wrenched,
          vaults_dpeg_emergency_exit, nicolae_vaults_cornered_office,
          vaults_room_large_hall, layout_vaults_big_cross, enter_trove_5
Vaults:2: hangedman_vaults_corner_blocks, nicolae_vaults_little_squares_6,
          hangedman_vaults_pinch, ontoclasm_vaults_idyll, nicolae_vaults_big_ls,
          vaults_mumra_minichess, nicolae_vaults_closet_pinwheel_1,
          nicolae_vaults_double_plus_1, layout_vaults_omnigrid, serial_shops,
          shop_scrolls, shop, shop, shop, nicolae_shop_overgrown_old_shop
Vaults:3: blue_anna_dwarven_crypt, st_spiral_rooms, ontoclasm_vaults_chip,
          v_misc_15, nicolae_vaults_oval_intersection, v_misc_30,
          hangedman_vaults_variations, vaults_room_grunt_arrival_checkpoint,
          nicolae_vaults_apartment_2, nicolae_vaults_trapezoid_2,
          nicolae_vaults_little_squares_2, ontoclasm_vaults_gateway,
          grunt_vaults_diagonal, nicolae_vaults_storage_room_glass,
          vaults_mumra_hexcomb, nicolae_vaults_heart-shaped_vault,
          layout_vaults_ring
Vaults:4: nicolae_vaults_sightless_eye, nicolae_vaults_hallways_thing,
          vaults_room_boxed, nicolae_vaults_apartment_1,
          nicolae_vaults_ellipses_ellipsis, nicolae_vaults_crenellated_ambush,
          nicolae_vaults_variable_pillar_hall, v_misc_23,
          nicolae_vaults_doubleplus_tesselated, nicolae_vaults_more_shelving_2,
          nicolae_vaults_weapon_check, nicolae_vaults_tetromino_L_1,
          vaults_room_door_ring, layout_vaults_maze_snakey, serial_shops, shop
Vaults:5: serial_shops, uniq_xtahua, uniq_margery
Crypt:1:  layout_gridlike
Crypt:2:  layout_gridlike, gammafunk_ghost_spectres, corexii_leaking_fountain,
          st_stairs_14, uniq_grunn
Crypt:3:  due_elkab, layout_chaotic_city, nicolae_tomb_entry_grand_gallery,
          nicolae_crypt_small_crypt
Tomb:1
Tomb:2
Tomb:3
Depths:1: layout_roguey, enter_ziggurat_e, grunt_mini_vestibule,
          minmay_splitting_lines, lightli_corner_chamber,
          infiniplex_staircase_pool_lava, serial_bayou_shore_b,
          grunt_megastairs_2
Depths:2: minmay_big_diamond_grid, layout_small_grid, abyss_entry, hell_entry,
          grunt_pan_entry_spiral, st_stairs_14, evilmike_butchery,
          infiniplex_staircase_zigzag_3
Depths:3: minmay_cut_squares, layout_cave_shapes, hell_entry,
          minmay_room_of_horrors, infiniplex_staircase_zigzag_1
Depths:4: grunt_twist_and_shout, layout_basic, grunt_gozag_breadcrumbs,
          hell_entry, nicolae_abyss_entry_one_way_or_another,
          lemuel_flames_and_gold, uniq_parghit, uniq_enchantress
Hell
Dis:1:    layout_subdivisions
Dis:2:    layout_regular_city, nicolae_dis_grated_feature
Dis:3:    layout_overlapping_boxes, nicolae_dis_step_into_the_octagon
Dis:4:    layout_jigsaw
Dis:5:    layout_subdivisions, nicolae_dis_strange_trophy_room
Dis:6:    layout_regular_city
Dis:7:    dis_st
Geh:1:    layout_gehenna_lava_caves, nicolae_geh_lavax
Geh:2:    nicolae_geh_tyrants_menagerie, layout_gehenna_pools_basic
Geh:3:    nicolae_geh_split_lavaduct, layout_gehenna_lava_caves
Geh:4:    layout_gehenna_pools_basic
Geh:5:    layout_gehenna_pools_box
Geh:6:    layout_gehenna_pools_box
Geh:7:    geh_grunt_pentagon
Coc:1:    layout_cocytus_water_paths
Coc:2:    layout_ice_bergs
Coc:3:    nicolae_coc_through_the_icewall, layout_cocytus_delve
Coc:4:    layout_cocytus_water_paths
Coc:5:    layout_ice_bergs
Coc:6:    layout_cocytus_delve
Coc:7:    coc_hangedman
Tar:1:    layout_grid_maze
Tar:2:    layout_grid_maze
Tar:3:    layout_catacombs, nicolae_hells_seeping_fissure
Tar:4:    layout_honeycomb, nicolae_tar_cuneiform_oil, evilmike_ambush
          [evilmike_ambush_outer_corners, evilmike_ambush_inner_basic]
Tar:6:    layout_honeycomb
Tar:7:    tar_grunt_cathedral
Zot:1:    nicolae_moth_party, layout_twisted_circle
Zot:2:    layout_cathedral_of_symmetry
Zot:3:    layout_concentric_octagons
Zot:4:    layout_twisted_circle
Zot:5:    layout_cathedral_of_symmetry, nicolae_transporter_intersection

Skill      XL: |  1  2  3  4  5  6  7  8  9 10 11 12 13 14 15 16 17 18 19 20 21 22 23 24 25 26 27 |
---------------+----------------------------------------------------------------------------------+-----
Summonings     | 4 5 6 7 9 11 13 14 16 17 18 20 23 27 | 27.0
Spellcasting   | 3 4 5 6 7 8 9 11 12 13 16 19 20 27 | 27.0
Fighting       | 1 2 3 4 5 6 7 9 11 13 14 15 16 17 19 27 | 27.0
Dodging        | 2 3 4 5 6 7 10 12 14 16 19 27 | 27.0
Translocations | 2 |  2.4
Ice Magic      | 1 |  1.0
Polearms       | 3 5 6 7 9 10 11 12 13 14 24 | 24.3
Shields        | 3 10 11 12 13 17 27 | 27.0
Armour         | 2 |  2.0
Fire Magic     | 27 | 27.0
Evocations     | 19 | 19.4
Stealth        | |  2.1

Action                     |  1- 3 |  4- 6 |  7- 9 | 10-12 | 13-15 | 16-18 | 19-21 | 22-24 | 25-27 || total
---------------------------+-------+-------+-------+-------+-------+-------+-------+-------+-------++-------
  Melee: Unarmed           |    16 |       |       |       |       |       |       |       |       ||    16
         Dagger            |    20 |    58 |       |       |       |       |       |       |       ||    78
         Glaive            |       |    10 |   132 |     3 |       |       |       |       |       ||   145
         Trident           |       |       |       |   104 |    64 |       |       |   796 |  1122 ||  2086
         Punch             |       |       |       |     1 |       |       |       |       |       ||     1
         Bardiche          |       |       |       |       |   254 |   122 |       |       |       ||   376
         Demon trident     |       |       |       |       |       |   205 |   408 |    37 |  9538 || 10188
         Headbutt          |       |       |       |       |       |       |       |       |  1778 ||  1778
         Pseudopods        |       |       |       |       |       |       |       |       |   844 ||   844
         Bite              |       |       |       |       |       |       |       |       |   799 ||   799
         Kick              |       |       |       |       |       |       |       |       |   404 ||   404
         Eveningstar       |       |       |       |       |       |       |       |       |   127 ||   127
   Cast: Summon Small Mamm |    25 |       |       |     5 |     3 |       |       |       |     1 ||    34
         Call Imp          |    18 |    18 |    31 |    33 |    29 |       |       |       |       ||   129
         Call Canine Famil |       |     9 |    47 |    65 |    86 |    15 |       |     2 |       ||   224
         Summon Lightning  |       |       |     4 |    82 |    42 |    18 |     2 |       |       ||   148
         Summon Guardian G |       |       |       |     2 |    27 |     1 |       |       |       ||    30
         Summon Forest     |       |       |       |    14 |    48 |    39 |    42 |    16 |    15 ||   174
         Blink             |       |       |       |     1 |     2 |     2 |     3 |       |    11 ||    19
         Summon Ice Beast  |       |       |       |       |    34 |    15 |     3 |     1 |       ||    53
         Summon Hydra      |       |       |       |       |   163 |   376 |   365 |   110 |    40 ||  1054
         Monstrous Menager |       |       |       |       |       |    25 |   228 |   125 |    47 ||   425
         Summon Cactus Gia |       |       |       |       |       |       |    66 |    15 |     6 ||    87
         Summon Horrible T |       |       |       |       |       |       |       |    23 |    77 ||   100
         Malign Gateway    |       |       |       |       |       |       |       |     4 |     8 ||    12
         Dragon's Call     |       |       |       |       |       |       |       |    16 |   374 ||   390
         Ignition          |       |       |       |       |       |       |       |       |    36 ||    36
 Invoke: Call Merchant     |       |       |       |     2 |     3 |       |     2 |     3 |     1 ||    11
         Slimify           |       |       |       |       |       |       |       |       |     2 ||     2
         Oozemancy         |       |       |       |       |       |       |       |       |     1 ||     1
  Evoke: Wand              |       |     1 |    10 |    11 |       |     1 |     1 |       |     6 ||    30
         Phantom mirror    |       |       |       |       |       |       |       |       |     5 ||     5
         Horn of Geryon    |       |       |       |       |       |       |       |       |     2 ||     2
    Use: Scroll            |       |     4 |       |     6 |    14 |    21 |     8 |     6 |    46 ||   105
         Potion            |       |       |     2 |     2 |     4 |     6 |       |     5 |    74 ||    93
   Stab: Sleeping          |     1 |     1 |     3 |       |     1 |     4 |       |     1 |     5 ||    16
         Distracted        |       |       |     4 |     2 |     8 |     8 |    27 |    42 |   430 ||   521
         Paralysed         |       |       |       |       |       |       |     2 |     1 |     2 ||     5
         Invisible         |       |       |       |       |       |       |       |     2 |     2 ||     4
         Confused          |       |       |       |       |       |       |       |     2 |    35 ||    37
         Petrified         |       |       |       |       |       |       |       |       |     5 ||     5
         Petrifying        |       |       |       |       |       |       |       |       |     3 ||     3
 Armour: Robe              |    19 |    30 |    63 |    62 |   227 |   158 |   162 |   199 |   943 ||  1863
         Skin              |       |       |     7 |       |       |       |       |       |   112 ||   119
         Fire dragon scale |       |       |       |       |       |       |       |       |   451 ||   451
         Ice dragon scales |       |       |       |       |       |       |       |       |   298 ||   298
  Dodge: Dodged            |    35 |    46 |   117 |   129 |   366 |   295 |   194 |   321 |  3808 ||  5311
         Repelled          |       |       |     6 |     6 |    10 |    16 |       |       |       ||    38
  Block: Kite shield       |       |       |       |       |       |   144 |   291 |   520 |  7498 ||  8453
         Reflection        |       |       |       |       |       |    22 |    51 |    49 |   147 ||   269
